Cogmind - Beta 17.1 @@@ ROGUE MODE // 2026.09.24 @ 18:46:18 Player: Alicianrone Result: Escaped singularity! Performance ------------- Evolutions (9) 4500 Regions Visited (38) 7600 Robots Destroyed (489) 2445 Value Destroyed (24299) 24299 Prototype IDs (404) 8080 Alien Tech Used (16) 3200 Bonus (59449) 59449 TOTAL SCORE: 109573 Bonus ------- Triggered High Security 500 High Alert Combat Kills 3619 Follower Combat Kills 7579 Hunted by Unchained 500 Awakened Behemoth Slayer 1000 Network Hubs Disabled 400 Met Imprinter 300 Was Imprinted 300 Met Zhirov 300 Met Warlord at Base 500 MAIN.C Attacked Warlord 500 Warlord Defense Kills 762 Built Enhanced Grunts 300 A7 Reached Mainframe 300 Found Hidden Lab 3000 Used Core Reset Matrix 3000 Destroyed MAIN.C Guards 500 Met MAIN.C 5000 Destroyed MAIN.C Shell 5000 Destroyed MAIN.C 10000 Met Architect 300 Destroyed A8 300 Destroyed A6 400 Destroyed Architect 15000 Win 3000 Friendly Fire -2911 Cogmind --------- Core Integrity 745/1600 Matter 295/300 Energy 348/350 System Corruption 0% +Membrane Temperature Cool (0) Movement Core (50) Location Near Former Tau Ceti IV Parts ------- > --- POWER (3) -------- (None) > --- PROPULSION (7) --- (None) > --- UTILITY (12) ----- (None) > --- WEAPON (4) ------- (None) > --- INVENTORY (5) ---- Enhanced Flexi-carbon Leg High-density Centrium Leg Experimental Energy Well (600) Experimental Reaction Control System Graviton Cannon Peak State ------------ > --- POWER ------------ Zero-point Reactor Vortex Chain Reactor > --- PROPULSION ------- Armored Heavy Treads Experimental Biometal Leg Experimental Biometal Leg Zionite Supercomposite Leg Zionite Supercomposite Leg Zionite Supercomposite Leg > --- UTILITY ---------- Experimental Cooling System Coolant Network Large Storage Unit Experimental Optical Array Experimental Targeting Computer Experimental Targeting Computer Experimental Core Analyzer Experimental Core Analyzer Experimental Reaction Control System Experimental Reaction Control System Zionite Shade Armor > --- WEAPON ----------- High-powered Disruptor Cannon Sigix Shearcannon > --- INVENTORY -------- Zero-point Reactor High-density Centrium Leg Experimental Biometal Leg Zionite Supercomposite Leg Experimental Energy Well Experimental Target Analyzer Zionite Weapon Casing Zionite Weapon Casing Zionite Shade Armor Zionite Shade Armor Advanced Force Field Mini Drone Bay Transdimensional Reconstructor Transdimensional Reconstructor Integrity Redistributor [Rating: 265] Favorites ----------- Power F-cell Engine Engine F-cell Engine Power Core Enhanced Fission Core Reactor Zionite Light DM Reactor Propulsion Cooled Aerolev Unit Treads Light Treads Leg Zionite Supercomposite Leg Wheel Wheel Hover Unit Cooled Aerolev Unit Flight Unit VTOL Module Utility Large Storage Unit Device Experimental Heat Sink Storage Large Storage Unit Processor Advanced Signal Interpreter Hackware System Mapper Protection Zionite Weapon Casing Weapon Plasma Flamer Energy Gun Heavy Wave Gun Energy Cannon Enhanced Nova Cannon Ballistic Gun Improved Heavy Machine Gun Ballistic Cannon Improved Light Cannon Launcher Long-range Missile Launcher Special Weapon Plasma Flamer Impact Weapon Impact Mace Slashing Weapon Makeshift Sword Piercing Weapon CR-A16's Behemoth Slayer Special Melee Weapon Advanced Datajack Build | -11 -10 -10 -8 -7 -7 -7 -7 -7 -7 -6 -6 -6 -6 -6 -6 -6 -6 -5 -5 -5 -5 -5 -5 -4 -4 -4 -4 -4 -3 -3 -3 -3 -2 -2 -2 -1 -1 -1 ------- Run | Yrd Mat Sub Mat Fac Was Fac Low Low Zio Pro Fac Was Fac Ext Cet Arc Hub Fac Was Fac Upp Upp Zhi Pro Fac Upp Upp War Pro Res Arm Lab Res Qua Sec Acc Com Ac0 Slots Evolved 18 | . . . 4 2 . . . . . . 2 . . . . . . 2 . . . . . . 2 . . . . 2 . . 2 . . 2 . . Power 2 | . . . . . . . . . . . . . . . . . . . . . . . . . . . . . . 1 . . . . . 1 . . Propulsion 5 | . . . 1 2 . . . . . . . . . . . . . 1 . . . . . . . . . . . 1 . . . . . . . . Utility 9 | . . . 2 . . . . . . . 2 . . . . . . 1 . . . . . . 1 . . . . . . . 2 . . 1 . . Weapon 2 | . . . 1 . . . . . . . . . . . . . . . . . . . . . 1 . . . . . . . . . . . . . Parts Attached 522 | 7 4 18 25 38 1 12 3 4 5 2 13 6 18 5 3 3 3 37 5 9 1 . 3 1 28 . . 11 1 14 31 3 43 25 22 28 75 15 Power 38 | 1 . 1 4 1 . . . . . . 2 1 . . 1 . . . . 1 . . . . 1 . . . . 2 2 . 4 1 5 2 9 . Engine 9 | 1 . 1 3 . . . . . . . 1 1 . . . . . . . . . . . . . . . . . 1 1 . . . . . . . Core 6 | . . . 1 1 . . . . . . 1 . . . . . . . . 1 . . . . 1 . . . . . . . . . 1 . . . Reactor 23 | . . . . . . . . . . . . . . . 1 . . . . . . . . . . . . . . 1 1 . 4 1 4 2 9 . Propulsion 119 | 2 . 5 7 15 . 3 . . . . 2 2 2 1 . . . 12 1 1 . . . . 4 . . 4 . 3 2 . 13 1 2 8 24 5 Treads 16 | . . 4 4 2 . . . . . . . . . . . . . . . . . . . . . . . . . . . . . . . . 6 . Leg 19 | . . . . . . . . . . . . . . 1 . . . . . . . . . . . . . . . 1 . . . . . . 12 5 Wheel 8 | 2 . 1 1 4 . . . . . . . . . . . . . . . . . . . . . . . . . . . . . . . . . . Hover 65 | . . . . 5 . 3 . . . . 1 2 2 . . . . 9 . 1 . . . . 4 . . 4 . 2 2 . 13 1 2 8 6 . Flight 11 | . . . 2 4 . . . . . . 1 . . . . . . 3 1 . . . . . . . . . . . . . . . . . . . Utility 246 | 2 2 3 6 13 1 4 2 3 5 1 6 1 9 3 1 3 3 19 1 7 . . 2 1 15 . . 4 1 8 17 1 24 19 13 12 26 8 Device 120 | 1 . 1 . 3 . 1 1 2 4 . 2 . 1 2 . 3 3 8 1 3 . . . 1 6 . . 2 1 4 5 . 16 14 8 10 13 4 Storage 13 | 1 1 . . 4 . 1 . . . . . . . . . . . 1 . . . . . . . . . . . . 1 . . 2 . . 2 . Processor 21 | . . . . 2 1 . 1 . 1 . . . . . . . . . . . . . . . 2 . . 1 . . 1 . . 1 4 2 5 . Hackware 40 | . . . 1 2 . 2 . . . . 4 . 3 . . . . 7 . 2 . . . . 5 . . 1 . 2 8 . 2 . . . 1 . Protection 52 | . 1 2 5 2 . . . 1 . 1 . 1 5 1 1 . . 3 . 2 . . 2 . 2 . . . . 2 2 1 6 2 1 . 5 4 Artifact . | . . . . . . . . . . . . . . . . . . . . . . . . . . . . . . . . . . . . . . . Weapon 119 | 2 2 9 8 9 . 5 1 1 . 1 3 2 7 1 1 . . 6 3 . 1 . 1 . 8 . . 3 . 1 10 2 2 4 2 6 16 2 Energy Gun 26 | 1 . 1 1 3 . . . . . . 1 . 1 1 1 . . . . . . . . . 6 . . . . 1 1 1 1 1 . 3 2 . Energy Cannon 16 | . . 1 1 1 . 1 . . . . . . . . . . . 2 . . . . . . 1 . . . . . . . . . 1 1 7 . Ballistic Gun 21 | 1 . 1 5 3 . 1 . . . . 2 1 . . . . . . 1 . . . . . . . . . . . 1 . . . 1 . 4 . Ballistic Cannon 11 | . 2 2 . . . . . . . . . . . . . . . . 1 . . . . . . . . . . . 2 . . . . . 2 2 Launcher 11 | . . 2 1 . . 1 1 . . . . . 2 . . . . . . . . . . . 1 . . . . . . . 1 1 . 1 . . Special Weapon 13 | . . . . . . . . 1 . . . . 3 . . . . 2 1 . . . . . . . . 1 . . 4 1 . . . . . . Impact Weapon 6 | . . 1 . 1 . 2 . . . . . . . . . . . . . . . . . . . . . . . . . . . 1 . 1 . . Slashing Weapon 6 | . . 1 . . . . . . . . . . . . . . . 2 . . 1 . . . . . . . . . 1 . . 1 . . . . Piercing Weapon 6 | . . . . . . . . . . 1 . 1 . . . . . . . . . . . . . . . 2 . . 1 . . . . . 1 . Special Melee Weapon 3 | . . . . 1 . . . . . . . . 1 . . . . . . . . . 1 . . . . . . . . . . . . . . . Unidentified Prototypes 109 | . . . 4 8 . 4 . . 3 . 3 . 6 2 3 . . 5 2 2 . . 2 . 3 . . 6 . 9 9 6 9 4 11 1 6 1 Corrupted Parts 1 | . . . . . . . . . . . . . . . . 1 . . . . . . . . . . . . . . . . . . . . . . System Corruption 7 | . . . . . . . . . . . . . . . . 7 . . . . . . . . . . . . . . . . . . . . . . Parts Lost 79 | . . 3 6 7 . . 1 . . . . . 2 . . . 2 5 . 2 1 . . . 7 . . . . . 2 . 5 9 6 3 6 12 Power 8 | . . . 1 . . . . . . . . . 1 . . . . . . . . . . . . . . . . . . . 1 2 . 1 2 . Propulsion 20 | . . 2 3 4 . . . . . . . . . . . . . 3 . . . . . . 1 . . . . . . . 2 1 1 . 1 2 Utility 34 | . . . 1 2 . . . . . . . . 1 . . . 1 2 . 2 . . . . 5 . . . . . 2 . 2 1 4 . 2 9 Weapon 17 | . . 1 1 1 . . 1 . . . . . . . . . 1 . . . 1 . . . 1 . . . . . . . . 5 1 2 1 1 Highest Loss Streak 6 | . . 1 6 3 . . 1 . . . . . 1 . . . 1 2 . 1 1 . . . 1 . . . . . 1 . 1 3 2 2 3 6 To Critical Strikes 1 | . . . . . . . . . . . . . . . . . . . . . . . . . . . . . . . . . . . . 1 . . Average Backups 14 | 2 8 18 18 17 9 10 13 14 14 15 14 14 14 14 14 14 14 14 15 14 14 15 15 15 14 15 15 14 15 14 14 12 14 12 14 13 13 12 Power . | . . . . . . . 1 1 1 . 1 2 1 1 1 1 1 1 1 1 1 1 1 1 1 1 1 1 1 . . . . . . . 1 1 Propulsion 1 | 1 3 2 . 1 . 2 3 3 1 2 1 1 1 1 1 1 1 . . . 1 2 2 2 . 1 1 . . . . . 1 1 . . 2 2 Utility 7 | . 1 4 9 9 5 4 7 8 9 9 7 8 9 9 9 9 9 10 11 10 9 10 9 9 7 6 6 7 8 9 9 8 7 5 5 3 6 6 Weapon 3 | . 4 10 6 4 2 2 1 1 1 2 3 3 3 3 3 3 3 3 2 2 1 1 1 1 3 5 5 5 4 4 3 1 3 2 2 4 . 2 Tool/Special . | . . . . . . . . . . . . . . . . . . . . . . . . . . . . . . . . . . . . . . . Unused Backups 66 | . 2 7 7 14 . 3 . . 5 1 1 . 1 . . . . 1 . 1 5 . 1 1 . . . . . . 2 1 1 1 2 . 7 2 Power 6 | . . 1 . . . . . . . 1 1 . . . . . . . . . 1 . . . . . . . . . . . . . 1 . 1 . Propulsion 7 | . . 1 . . . . . . . . . . . . . . . . . . 2 . . . . . . . . . . . 1 . . . 2 1 Utility 29 | . . . 1 10 . 2 . . 5 . . . . . . . . 1 . 1 . . 1 1 . . . . . . 2 . . 1 . . 3 1 Weapon 21 | . 2 5 6 3 . 1 . . . . . . 1 . . . . . . . 2 . . . . . . . . . . 1 . . . . . . Tool/Special 3 | . . . . 1 . . . . . . . . . . . . . . . . . . . . . . . . . . . . . . 1 . 1 . Average Slot Usage (%) 91 | . 98 100 95 92 99 100 100 100 99 98 95 100 92 91 92 92 90 89 93 93 92 94 93 93 90 94 94 97 100 99 98 85 94 89 79 82 73 82 Engine 3 | . 14 14 7 5 . . . . . . . . 5 6 5 6 6 5 5 3 . . . . . . . . . 4 6 9 4 . . . . . Core 1 | . . . 1 1 7 7 7 7 7 7 6 6 . . . . . . . 1 5 5 5 5 4 5 5 5 5 2 . . . . 1 . . . Reactor 1 | . . . . . . . . . . . . . . . . . . . . . . . . . . . . . . 1 1 . 3 6 5 8 4 7 Treads 3 | . . 13 16 14 . . . . . . . . . . . . . . . . . . . . . . . . . . . . . . . . 5 2 Leg 1 | . . . . . . . . . . . . . . . . . . . . . . . . . . . . . . . . . . . . . 9 20 Wheel 3 | . 28 14 8 12 . . . . . . . . . . . . . . . . . . . . . . . . . . . . . . . . . . Hover 18 | . . . . 1 38 38 38 38 38 38 32 33 27 26 26 26 26 26 29 29 29 29 29 29 28 26 26 29 31 32 33 33 25 25 21 23 2 . Device 11 | . 4 10 8 5 . 4 6 8 8 7 8 13 13 14 13 20 21 18 19 20 17 17 17 16 16 15 15 14 14 11 9 9 13 13 11 10 9 11 Storage 6 | . 14 14 8 7 7 7 7 7 7 7 6 6 6 6 6 6 6 5 5 5 5 5 5 5 5 5 5 5 5 4 4 4 4 4 4 3 3 3 Processor 8 | . . . . 6 15 7 13 10 7 7 6 6 6 6 6 6 6 5 5 5 5 5 5 5 5 10 10 13 15 14 14 14 13 13 14 17 14 20 Hackware 2 | . . . . 6 7 7 1 . . . 5 6 2 . . . . 3 2 . . . . . 5 5 5 5 5 5 4 4 4 4 4 3 . . Protection 5 | . 8 3 17 1 . 1 . 2 5 6 6 6 9 10 13 5 1 4 5 7 10 10 10 10 3 5 4 2 . . 2 3 7 6 3 2 6 4 Energy Gun 3 | . 12 5 1 . . . . . . . . . . . . . . . . . . . . . 11 19 21 16 15 14 7 . . . . 5 1 . Energy Cannon 1 | . . 2 . . . . . . . . . . . . . . . . . . . . . . . . . . . . . . . . 1 . 7 6 Ballistic Gun 3 | . 3 2 18 13 15 15 15 15 15 15 13 9 . . . . . . . . . . . . . . . . . . . . . . 1 1 1 . Ballistic Cannon 2 | . 12 15 . . . . . . . . . . . . . . . . . . . . . . . . . . . . . . . . . . . 1 Special Weapon 3 | . . . . . . . . 1 . . . . 7 13 13 14 17 9 11 13 11 8 11 9 2 . . . . . 6 . 14 8 . . . . Impact Weapon 1 | . . . . . 6 6 6 5 7 4 6 6 5 5 4 1 1 3 . . . . . . . . . . . . . . . . 1 . . . Piercing Weapon 1 | . . . . . . . . . . 2 . 3 2 . . 3 . 1 3 2 2 5 3 5 4 1 . 3 5 4 3 4 2 1 1 . 1 . Peak Build Rating 265 | 7 9 20 36 60 59 66 67 66 78 75 81 91 93 86 88 88 87 103 110 113 108 109 108 109 133 130 131 154 154 170 173 158 182 214 228 231 265 264 Average Rating 117 | 5 7 15 30 40 58 63 65 65 68 70 75 87 82 80 81 83 81 93 106 106 103 106 105 105 119 130 130 142 153 165 158 141 172 187 209 214 237 249 On Entrance 104 | . 7 9 17 36 59 59 65 66 66 70 71 81 91 77 81 81 84 78 100 107 103 106 106 107 107 130 130 130 151 154 169 154 156 177 206 207 221 257 Avg Prop Armor Cover (%) 7 | . . 11 10 17 . . . . . . . . . . . . . 2 2 1 . . . . . . . . 2 . 1 3 1 . 1 1 7 7 Naked Turns 5 | . . . . . . . . . . . . . . . . . . . . . . . . . . . . . . . . . . . . . . 5 Heaviest Build 197 | 13 50 60 100 98 27 44 44 45 45 45 45 49 63 54 56 54 53 56 53 61 61 60 60 60 66 70 70 70 64 78 74 59 78 86 106 101 197 152 Greatest Support 240 | 20 20 40 10 42 42 45 45 45 45 45 57 50 54 48 48 48 56 63 64 64 62 62 62 62 62 62 62 74 74 111 90 83 113 102 102 107 240 210 Greatest Overweight (x) 9 | . 2 5 9 9 . . . . . . 1 1 1 1 1 1 1 1 . 1 . . . . 1 1 1 1 . . . . . . 1 1 7 . Average Overweight (x) . | . 1 4 8 1 . . . . . . . . . . 1 . . . . . . . . . . 1 1 . . . . . . . . . . . Largest Inventory Capacity 25 | 8 20 20 20 25 10 15 15 15 15 15 15 15 15 15 15 15 15 15 15 15 15 15 15 15 15 15 15 15 15 15 15 15 15 15 15 15 15 15 Average Capacity 15 | 7 16 20 19 18 10 11 15 15 15 15 15 15 15 15 15 15 15 15 15 15 15 15 15 15 15 15 15 15 15 15 15 15 15 15 15 15 15 14 Most Carried 20 | 5 15 20 20 20 10 14 15 15 15 15 15 15 15 15 15 15 15 15 15 15 15 15 15 15 15 15 15 15 15 15 15 15 15 15 15 15 15 15 Average Carried 15 | 2 8 18 19 17 9 10 14 14 14 15 14 14 14 14 14 14 14 14 14 14 14 15 14 15 14 15 15 14 14 14 14 12 14 14 14 14 14 13 Final Capacity 20 | 8 20 20 20 10 10 15 15 15 15 15 15 15 15 15 15 15 15 15 15 15 15 15 15 15 15 15 15 15 15 15 15 15 15 15 15 15 15 5 Final Carried 20 | 5 12 20 20 10 9 14 14 15 15 15 15 15 15 15 15 15 15 15 15 15 15 15 15 15 15 15 15 15 15 15 14 15 15 13 15 15 14 5 Class Distribution -------------------- 23% | Mutant 14% | Trapper-Mutant 8% | Trapper-Sprinter 7% | Trapper-Skirmisher 6% | Alien-Mutant 4% | Scavenger-Gunner 4% | Scavenger-Mutant 4% | Messiah-Gunner 3% | Pyromaniac-Skirmisher 3% | Alien-Gunner Dominant Class ---------------- Mutant | -10/Materials Mutant | -10/Subcaves Mutant | -8/Materials Scavenger-Mutant | -7/Factory Mutant | -7/Waste Mutant | -7/Factory Mutant | -7/Lower Caves Mutant | -7/Lower Caves Trapper-Mutant | -7/Zion Trapper-Mutant | -6/Proximity Caves Trapper-Mutant | -6/Factory Trapper-Mutant | -6/Waste Trapper-Mutant | -6/Factory Trapper-Mutant | -6/Extension Trapper-Mutant | -6/Cetus Commander-Mutant | -6/Archives Commander-Skirmisher | -6/Hub_04(d) Mutant | -5/Factory Machinist-Mutant | -5/Waste Fabricator-Mutant | -5/Factory Machinist-Skirmisher | -5/Upper Caves Machinist-Mutant | -5/Upper Caves Machinist-Mutant | -5/Zhirov Trapper-Mutant | -4/Proximity Caves Trapper-Sprinter | -4/Factory Trapper-Skirmisher | -4/Upper Caves Trapper-Skirmisher | -4/Upper Caves Trapper-Sprinter | -4/Warlord Trapper-Skirmisher | -3/Proximity Caves Trapper-Sprinter | -3/Research Trapper-Sprinter | -3/Armory Trapper-Sprinter | -3/Lab Pyromaniac-Skirmisher | -2/Research Alien-Mutant | -2/Quarantine Alien-Mutant | -2/Section 7 Alien-Mutant | -1/Access Scavenger-Gunner | -1/Command Messiah-Gunner | -1/Access_0 Resources | -11 -10 -10 -8 -7 -7 -7 -7 -7 -7 -6 -6 -6 -6 -6 -6 -6 -6 -5 -5 -5 -5 -5 -5 -4 -4 -4 -4 -4 -3 -3 -3 -3 -2 -2 -2 -1 -1 -1 ----------- Run | Yrd Mat Sub Mat Fac Was Fac Low Low Zio Pro Fac Was Fac Ext Cet Arc Hub Fac Was Fac Upp Upp Zhi Pro Fac Upp Upp War Pro Res Arm Lab Res Qua Sec Acc Com Ac0 Matter Collected 13188 | 279 158 958 1043 957 . 398 177 469 103 68 170 80 323 272 70 100 134 778 70 397 438 50 36 104 480 160 45 210 50 380 824 . 782 488 400 288 1306 143 Remotely . | . . . . . . . . . . . . . . . . . . . . . . . . . . . . . . . . . . . . . . . Salvage Created 24046 | 46 145 603 1691 1210 . 616 104 158 . 124 512 55 810 199 71 107 194 1366 . 624 212 122 76 76 1622 . . 354 97 1019 1571 . 1394 1544 1578 2454 1132 2160 Parts 1039 | 9 16 29 113 58 . 9 6 13 . 8 6 3 19 . 2 9 7 44 . 16 7 . 1 2 55 . . 12 3 32 57 . 59 53 86 125 58 122 Haulers Intercepted 39 | . . . 5 4 . 4 . . . . 3 . 3 . . . . 5 . 1 . . . . 3 . . . . 4 . . 2 2 . 3 . . Recyclers Shooed 8 | . . . 1 1 . 1 . . . . . . . 1 . . . 1 . . . . . . 1 . . . . . . . . . . . 2 . Parts Field Recycled . | . . . . . . . . . . . . . . . . . . . . . . . . . . . . . . . . . . . . . . . Retrieved Matter . | . . . . . . . . . . . . . . . . . . . . . . . . . . . . . . . . . . . . . . . Parts Self-Destructed 73 | . . 26 . . . . 6 12 . 14 . . . . . . . . . . 9 . . 1 . 2 . . 3 . . . . . . . . . Prevented 18 | . . . . . . . 4 8 . 1 . . . . . . . . . . 1 . . . . 2 2 . . . . . . . . . . . Parts Restored . | . . . . . . . . . . . . . . . . . . . . . . . . . . . . . . . . . . . . . . . Kills | -11 -10 -10 -8 -7 -7 -7 -7 -7 -7 -6 -6 -6 -6 -6 -6 -6 -6 -5 -5 -5 -5 -5 -5 -4 -4 -4 -4 -4 -3 -3 -3 -3 -2 -2 -2 -1 -1 -1 ------- Run | Yrd Mat Sub Mat Fac Was Fac Low Low Zio Pro Fac Was Fac Ext Cet Arc Hub Fac Was Fac Upp Upp Zhi Pro Fac Upp Upp War Pro Res Arm Lab Res Qua Sec Acc Com Ac0 Combat Hostiles Destroyed 328 | . 8 17 29 11 . 3 5 . . 1 4 . 6 1 . . 4 15 . 9 8 3 . 2 27 . . 6 1 6 35 . 20 31 18 30 6 22 Melee 78 | . . . 11 2 . 1 . . . 1 2 . 2 . . . . 5 . . . . . . 4 . . . . . 5 . 4 14 16 11 . . Guns 85 | . 2 3 15 9 . 1 3 . . . . . . . . . . . . . . . . . 8 . . 6 1 5 14 . . . . 15 3 . Cannons 63 | . 6 11 . . . . . . . . . . 1 . . . 1 2 . 2 2 . . . . . . . . . 7 . 2 4 . 1 3 21 AOE 27 | . . 3 3 . . . 1 . . . . . . . . . . 5 . . 4 . . . 8 . . . . . . . . . . 3 . . Classes Destroyed 30 | 1 3 4 6 2 . . 2 . . 1 . 1 . . . . . . . . . . . . 1 . . 1 . . 4 . 1 . 1 . 1 1 Worker 17 | . . . 5 3 . 1 . . . . . . 2 . . . . . . . . . . . 1 . . . . . . . . 1 1 2 1 . Builder 13 | . . . 3 . . . . . . . . . . 1 . . . . . . . . . . 2 . . . . . . . 2 . . 5 . . Tunneler 3 | 2 . . 1 . . . . . . . . . . . . . . . . . . . . . . . . . . . . . . . . . . . Hauler 38 | . . . 5 4 . 4 . . . . 3 . 3 . . . . 5 . 1 . . . . 3 . . . . 4 . . 1 2 . 3 . . Recycler 11 | . . . . 3 . 2 . . . . . . . 1 . . . 2 . 1 . . . . 1 . . . . . . . . . . . 1 . Minesweeper 7 | . . . . . . . 1 2 . 1 . . . . . . . . . . 2 . . 1 . . . . . . . . . . . . . . Mechanic 4 | . . . 1 1 . . . . . . 1 . . . . . . 1 . . . . . . . . . . . . . . . . . . . . Operator 26 | . 1 . 3 2 . 1 1 . . . 2 . 4 1 . 3 . . . 1 . . . . 1 . . . . 1 . . 2 1 . 1 1 . Drone 1 | . . . . . . . . . . . . . . . . . . . . . . . . . . . . . . . . . . . . . . 1 Turret 2 | . . 2 . . . . . . . . . . . . . . . . . . . . . . . . . . . . . . . . . . . . Watcher 33 | . . . 5 3 . 2 . . . . . . 5 1 . . 1 3 . 2 . . . . 2 . . . . 1 3 . 2 1 2 . . . Swarmer 55 | . 6 4 6 1 . . 3 . . . . . 1 . . . . 5 . . 1 . . . 5 . . 2 . . 8 . 7 5 . 1 . . Cutter 7 | . . . . . . . . . . . . . . . . . . . . . . . . . 3 . . . . . . . . . 2 2 . . Saboteur 5 | . . . . . . . . . . . . . . . . . . . . . . . . . . . . . . . 4 . . . 1 . . . Grunt 83 | . 2 . 13 5 . 1 1 . . . 4 . 3 . . . 1 3 . 2 4 . . 2 8 . . 3 . 2 3 . 1 8 . 14 3 . Duelist 3 | . . . . . . . . . . . . . . . . . . . . . . . . . . . . . . . 3 . . . . . . . Researcher 1 | . . . . . . . . . . . . . . . . . . . . . . . . . . . . . . . . . . . 1 . . . Sentry 41 | . . 1 8 3 . 2 . . . . . . . 1 . . 2 2 . 2 . 1 . . 1 . . . 1 2 5 . 2 3 3 2 . . Specialist 1 | . . . . . . . . . . . . . . . . . . . . . . . . . . . . . . . 1 . . . . . . . Hunter 16 | . . . 2 . . . . . . . . . . . . . . 1 . . 2 . . . 3 . . . . . 1 . 2 . 2 1 2 . Programmer 65 | . . . . 2 . . . . . . . . 1 . . . . 3 . 4 1 2 . . 7 . . . . 1 9 . 3 15 6 10 1 . Heavy 1 | . . . . . . . . . . . . . . . . . . . . . . . . . . . . . . . 1 . . . . . . . Behemoth 11 | . . . . . . . . . . 1 . . 1 . . . 1 1 . 1 . . . . . . . . . 1 . . 4 . 1 . . . S7 Guard 1 | . . . . . . . . . . . . . . . . . . . . . . . . . . . . . . . . . . . 1 . . . Enhanced Grunt 13 | . . . . . . . . . . . . . . . . . . . . . . . . . . . . . . . . . . . . . . 13 Enhanced Hunter 6 | . . . . . . . . . . . . . . . . . . . . . . . . . . . . . . . . . . . . . . 6 Executioner 3 | . . . . . . . . . . . . . . . . . . . . . . . . . . . . 1 . . . . . . 2 . . . Artisan 1 | . . 1 . . . . . . . . . . . . . . . . . . . . . . . . . . . . . . . . . . . . Subdweller 12 | . . 12 . . . . . . . . . . . . . . . . . . . . . . . . . . . . . . . . . . . . Z-Courier 1 | . . . . . . . . . . . . . . . . . . . . . . . . . . . . . . . . . 1 . . . . . Z-Light 2 | . . . . . . . . . . . . . . . . . . . . . . . . . . . . . . . . . 1 . . . 1 . Z-EX 1 | . . . . . . . . . . . . . . . . . . . . . . . . . . . . . . . . . . . . . 1 . Decomposer 4 | . . . . . . . . 4 . . . . . . . . . . . . . . . . . . . . . . . . . . . . . . Thief 1 | . . . . . . . 1 . . . . . . . . . . . . . . . . . . . . . . . . . . . . . . . Martyr 1 | . . . . . . . . . . . . 1 . . . . . . . . . . . . . . . . . . . . . . . . . . Wizard 2 | . . . . . . . . . . . . . . . . . . . . . . . . . . . . . . . . . . . . . 2 . Best Kill Streak 11 | 2 3 6 9 2 . 3 3 1 . 2 2 . 3 1 . 3 1 6 . 2 2 2 . 2 5 . . 4 1 3 7 . 5 6 4 11 3 10 Combat Bots Only 10 | . 3 4 4 2 . 1 3 . . 1 1 . 1 1 . . 1 6 . 2 2 2 . 1 5 . . 4 1 3 7 . 4 6 3 8 2 10 Max Kills in Single Turn 5 | 1 1 3 5 1 . 1 1 1 . 1 1 1 1 1 1 1 1 3 . 1 2 1 . 1 5 . . 2 1 1 2 . 2 2 1 4 3 2 Gunslinging 1 | . . . . . . . . . . . . . . . . . . . . . . . . . . . . 1 . . 1 . . . . 1 . . Exploded 5 | . . 3 2 . . . 1 . . . . . . . . . . 3 . . 2 . . . 5 . . . . . . . . . . 1 . . Melee 1 | . . . 1 1 . 1 . . . 1 1 . 1 . . . . 1 . . . . . . 1 . . . . . 1 . 1 1 1 1 . . Uniques/NPCs Destroyed 6 | . . . . . . . . . . . . . . . 1 . . . . . . . . . . . . . . . . . . . . . 2 3 A7 (-6/Cetus) MAIN.C Shell (-1/Command) MAIN.C (-1/Command) A8 (-1/Access_0) A6 (-1/Access_0) Architect (-1/Access_0) Combat | -11 -10 -10 -8 -7 -7 -7 -7 -7 -7 -6 -6 -6 -6 -6 -6 -6 -6 -5 -5 -5 -5 -5 -5 -4 -4 -4 -4 -4 -3 -3 -3 -3 -2 -2 -2 -1 -1 -1 -------- Run | Yrd Mat Sub Mat Fac Was Fac Low Low Zio Pro Fac Was Fac Ext Cet Arc Hub Fac Was Fac Upp Upp Zhi Pro Fac Upp Upp War Pro Res Arm Lab Res Qua Sec Acc Com Ac0 Hostile Shots Fired 2732 | . 27 71 184 200 . 50 7 2 . 8 12 . 89 33 . . 47 54 . 52 27 10 . 17 167 4 . 12 4 30 115 . 105 220 166 366 103 550 Missed 1045 | . 10 22 51 86 . 25 2 1 . 3 6 . 29 22 . . 20 20 . 14 13 4 . 7 70 2 . 6 2 15 36 . 40 79 77 162 27 194 Hits 1687 | . 17 49 133 114 . 25 5 1 . 5 6 . 60 11 . . 27 34 . 38 14 6 . 10 97 2 . 6 2 15 79 . 65 141 89 204 76 356 Melee 13 | . . . . . . . 1 . . . . . . . . . . . . . . . . . 3 . . . . . 1 . . . 5 . . 3 Projectile 1674 | . 17 49 133 114 . 25 4 1 . 5 6 . 60 11 . . 27 34 . 38 14 6 . 10 94 2 . 6 2 15 78 . 65 141 84 204 76 353 AOE 13 | . . . . . . . . . . . . . 1 1 . . . 1 . . . . . . . . . 1 . . . . . . 2 2 5 . Critical Strikes 85 | . . . 4 2 . . . . . . . . 2 . . . . 3 . 3 1 . . 1 8 . . . . 1 6 . 1 5 6 7 4 31 Actively Blocked 10 | . . . . . . . . . . . . . . . . . . 1 . 2 . . . . 1 . . . . . . . . 1 . . . 5 Part Disruptions 5 | . . . . . . . . . . . . . . . . . 1 . . 1 . . . . . . . . . . . . . 1 . . 1 1 Actively Blocked 1 | . . . . . . . . . . . . . . . . . . . . . . . . . . . . . . . . . . 1 . . . . Damage Taken 27653 | . 166 949 1792 1221 . 257 297 15 . 107 126 27 995 110 27 . 390 690 . 687 224 58 . 196 1791 31 . 109 54 341 1231 . 1535 2330 2250 2726 2281 4640 Core 2879 | . 20 136 202 238 . 29 . . . . . . 85 16 . . 66 20 . 115 21 5 . 37 265 . . 9 . 39 157 . 61 271 185 302 53 547 Absorbed by Shields 4145 | . . . . 52 . . . . . . . . . 7 . . . . . . . . . . . . . 101 . . . . . . . . 417 3568 Reduced by Siege Mode 96 | . . . . . . . . . . . . . . . . . . . . . . . . . . . . . . . . . . . . . 6 90 Redirected to Shielding 1978 | . . . . . . . . . . . . . 75 41 . . 33 161 . 249 39 21 . . 196 . . . . . 215 . 280 196 . . 126 346 Ignored by Resistances 9633 | . . . 233 47 . . . . . . . . . . . . 3 98 . 64 47 62 . . 350 . . . . 70 616 . 160 1316 408 2018 726 3415 Regen/Repaired (Parts) 5984 | . . . . 179 . . . . . . . 138 114 . . . . 91 14 11 . . . . 87 . . 110 . . 72 . 376 842 1294 1426 1230 . Core Remaining (%) 70 | 100 . 37 63 . . . . . . 61 . . . . . . 80 . . . . . . 80 . . . . 76 . . 100 . . 64 . . 46 Volleys Fired 945 | 3 29 105 86 62 . 6 9 28 . 1 . . 2 3 1 1 13 16 . 22 12 4 . 10 102 . 5 21 4 21 64 . 36 44 7 61 91 76 Largest 4 | 2 2 2 3 2 . 3 2 3 . 2 . . 3 3 1 2 3 3 . 3 3 2 . 2 4 . 4 3 3 3 3 . 4 4 1 3 4 2 Hottest 480 | 60 73 113 120 50 . 45 36 60 . 30 . . 300 300 240 200 300 300 . 300 300 200 . 200 352 . 352 264 264 264 300 . 400 400 105 300 480 360 Shots Fired 1909 | 6 48 149 209 124 . 14 14 33 . 2 . . 4 8 1 2 39 35 . 51 21 8 . 19 187 . 14 63 12 63 189 . 103 126 7 85 173 100 Gun 1024 | 6 24 39 206 124 . 14 10 8 . 2 . . . . 1 . . . . . . . . . 151 . 14 63 12 63 99 . . . 2 78 108 . Cannon 294 | . 24 101 . . . . . . . . . . . . . . . . . . . . . . . . . . . . . . . . 5 3 61 100 Launcher 33 | . . 9 3 . . . 4 . . . . . 1 . . . . 2 . . 7 . . . 3 . . . . . . . . . . 4 . . Special 558 | . . . . . . . . 25 . . . . 3 8 . 2 39 33 . 51 14 8 . 19 33 . . . . . 90 . 103 126 . . 4 . Kinetic 503 | 3 28 101 198 124 . 14 10 8 . 2 . . . . . . . . . . . . . . . . . . . . . . . . 2 4 8 1 Thermal 1048 | . . 43 8 . . . . 25 . . . . 3 8 1 2 39 32 . 51 14 8 . 19 184 . 14 63 12 63 189 . 92 124 5 . 49 . Explosive 29 | . . 5 3 . . . 4 . . . . . 1 . . . . 2 . . 7 . . . 3 . . . . . . . . . . 4 . . Electromagnetic 26 | 3 20 . . . . . . . . . . . . . . . . . . . . . . . . . . . . . . . . . . . . 3 Slashing 285 | . . . . . . . . . . . . . . . . . . . . . . . . . . . . . . . . . . . . 77 112 96 Robot Hit Streak 87 | 4 6 18 8 11 . 7 5 6 . 1 . . 4 8 . 4 25 18 . 21 10 17 . 12 24 . 6 6 10 11 15 . 14 24 3 7 22 87 Robot Miss Streak 7 | 1 4 4 6 6 . 2 2 3 . 1 . . . 1 . . 3 3 . 2 1 . . 2 4 . 2 3 . 4 3 . 2 4 3 4 7 4 Penetration Max 1 | . . . 1 . . . . . . . . . . . . . . . . . . . . . . . . . . . . . . . . 1 1 1 Secondary Targets 22 | . . . 5 1 . . . . . . . . . . . . . . . . . . . . 2 . . 4 . 2 1 . . . . 4 3 . Max Gunslinging Chain 2 | . . . 1 1 . . . . . . . . . . . . . . . . . . . . 1 . . 1 . 1 1 . . . . 2 1 . Shots Hit Robots 1672 | 4 23 84 134 128 . 30 13 24 . 9 25 8 45 12 6 5 30 56 . 48 19 7 5 14 142 . 6 42 6 54 138 . 96 141 56 76 92 94 Core Hits 1015 | 2 11 33 67 38 . 5 11 10 . 4 4 1 8 2 2 4 16 22 . 19 19 1 1 1 60 . 1 17 3 25 92 . 46 68 27 67 55 273 Critical Kills 8 | . . 1 . . . 1 1 1 . . 1 . 2 . . . . . . . . . . . . . . . . . . . . . . 1 . . Critical Parts Destroyed 33 | . . . . 1 . 8 . 1 . . 8 . 8 1 . . . 6 . . . . . . . . . . . . . . . . . . . . Critical Strikes 194 | . 1 2 1 2 . 9 1 2 . . 9 . 12 1 2 . 5 11 . 12 2 2 . 5 14 . . 1 . 4 18 . 21 27 5 4 2 19 Burn 97 | . . . . . . . . . . . . . 1 . . . 5 4 . 10 2 2 . 4 11 . . 1 . 1 14 . 20 22 . . . . Destroy 3 | . . 1 . . . . . . . . . . . . . . . . . . . . . . . . . . . . . . . . . 1 1 . Blast 2 | . 1 1 . . . . . . . . . . . . . . . . . . . . . . . . . . . . . . . . . . . . Smash 40 | . . . . 1 . 9 1 2 . . 9 . 11 1 . . . 6 . . . . . . . . . . . . . . . . . . . . Sever 30 | . . . 1 1 . . . . . . . . . . . . . . . . . . . . . . . . . . . . . 1 5 2 1 19 Impale 17 | . . . . . . . . . . . . . . . 2 . . 1 . 2 . . . 1 3 . . . . 3 4 . . 1 . . . . Sunder 5 | . . . . . . . . . . . . . . . . . . . . . . . . . . . . . . . . . 1 3 . 1 . . Melee Attacks 789 | . . 11 49 86 2 36 7 4 1 17 30 8 67 7 6 3 9 50 . 18 4 . 5 7 35 . . . . 25 46 8 28 77 89 41 13 . Kinetic 15 | . . . . . . . . . . . . . . . . . . . . . . . . . . . . . . . . . . 7 8 . . . Impact 210 | . . 4 . 16 2 36 7 4 1 . 30 1 58 7 . . 4 40 . . . . . . . . . . . . . . . . . . . . Slashing 262 | . . 7 49 69 . . . . . . . . . . . . . . . . . . . . . . . . . . . . . 34 69 34 . . Piercing 259 | . . . . . . . . . . 17 . 7 8 . 6 3 5 10 . 18 4 . 2 7 35 . . . . 25 44 8 19 25 11 . 5 . Entropic 38 | . . . . . . . . . . . . . . . . . . . . . . . . . . . . . . . 2 . 9 11 1 7 8 . Sneak Attacks 130 | . . . 12 13 . 8 1 4 . 2 3 8 11 3 6 3 . 10 . 3 2 . 3 1 9 . . . . 4 8 . 5 4 7 . . . Combat Hostiles 14 | . . . 1 . . . . . . . . . 2 . . . . 2 . . . . . . . . . . . 1 3 . 1 . 4 . . . Follow-up Attacks 19 | . . . . 1 . . . . . . . 1 4 . . . . 4 . . . . . . . . . . . . . . . . 9 . . . Damage Inflicted 68255 | 54 364 2347 4423 3736 . 1692 744 484 . 441 1388 590 2336 572 338 342 411 2803 . 914 1031 109 205 262 5150 . 169 1408 171 1975 3597 . 2047 4341 4208 5361 4109 10133 Guns 16075 | 54 143 126 2111 1405 . 213 117 23 . 22 . . . . . . . . . . . . . . 2592 . 169 1408 171 1375 2154 . . . 46 1719 2227 . Cannons 13625 | . 221 1354 . . . . . . . . . . . . . . . . . . . . . . . . . . . . . . . . . 354 1563 10133 Explosions 4802 | . . 353 760 . . . 381 . . . . . 24 . . . . 427 . . 676 . . . 889 . . . . . . . . . . 1292 . . Melee 27973 | . . 514 1552 2331 . 1479 246 338 . 419 1388 590 2261 492 338 318 45 2088 . 323 165 . 205 106 1207 . . . . 600 590 . 1023 2883 4162 1996 314 . Ramming 5 | . . . . . . . . . . . . . . . . . . . . . . . . . . . . . . . . . . . . . 5 . Kinetic 6617 | 26 243 1669 2072 1405 . 213 117 23 . 22 . . . . . . . . . . . . . . . . . . . . . . . 304 309 156 58 . Thermal 14461 | . . 164 227 . . . . 123 . . . . 51 80 . 24 366 288 . 591 190 109 . 156 3054 . 169 1408 171 1375 3007 . 1024 1458 . . 426 . Explosive 4178 | . . . 489 . . . 381 . . . . . 24 . . . . 427 . . 676 . . . 889 . . . . . . . . . . 1292 . . Electromagnetic 332 | 28 121 . 83 . . . . . . . . . . . . . . . . . . . . . . . . . . . . . . . . . . 100 Impact 8639 | . . . . 772 . 1479 246 338 . . 1388 105 2091 492 . . 45 1683 . . . . . . . . . . . . . . . . . . . . Slashing 25423 | . . 514 1552 1559 . . . . . . . . . . . . . . . . . . . . . . . . . . . . . 1492 3503 3464 3306 10033 Piercing 6627 | . . . . . . . . . . 419 . 485 170 . 338 318 . 405 . 323 165 . 205 106 1207 . . . . 600 590 . 400 340 242 . 314 . Entropic 1973 | . . . . . . . . . . . . . . . . . . . . . . . . . . . . . . . . . 623 747 154 449 . . Highest Corruption 9 | . . . 2 1 . . . . . . . . 1 2 2 7 3 . . 3 . . . . 5 . . . . 1 3 1 4 9 5 . . . Average Corruption 2 | . . . 2 1 . . . . . . . . 1 1 2 3 1 . . 2 . . . . 2 . . . . 1 1 1 3 5 5 . . . Corruption Purged 30 | . . . . 1 . . . . . . . . . 1 . 9 . . . 3 . . . . 5 . . . . . 4 . . 7 . . . . Corruption Blocked 7 | . . . . . 7 . . . . . . . . . . . . . . . . . . . . . . . . . . . . . . . . . Effects 176 | . . . 26 2 . . . . . . . . 6 9 2 1 3 . . 5 . . . . 5 . . . . 2 11 4 21 48 31 . . . Message Errors 44 | . . . 5 1 . . . . . . . . 3 2 1 . 2 . . 1 . . . . 1 . . . . . 4 1 7 11 5 . . . Matter Fused 51 | . . . 11 1 . . . . . . . . 1 3 . . . . . . . . . . . . . . . . 1 1 8 14 11 . . . Heat Flow Errors 18 | . . . 2 . . . . . . . . . . . . 1 1 . . 1 . . . . . . . . . . 2 1 1 6 3 . . . Energy Discharges 25 | . . . 2 . . . . . . . . . 1 . 1 . . . . 1 . . . . . . . . . . 2 1 3 10 4 . . . Parts Rejected 6 | . . . 1 . . . . . . . . . . . . . . . . . . . . . . . . . . . . . . 3 2 . . . Parts Fused 1 | . . . . . . . . . . . . . . 1 . . . . . . . . . . . . . . . . . . . . . . . . Data Loss (minor) 19 | . . . 3 . . . . . . . . . . 3 . . . . . 2 . . . . 2 . . . . 2 . . 2 1 4 . . . Data Loss (major) 6 | . . . 1 . . . . . . . . . 1 . . . . . . . . . . . . . . . . . 1 . . 1 2 . . . Misfires 1 | . . . . . . . . . . . . . . . . . . . . . . . . . 1 . . . . . . . . . . . . . Alerts 3 | . . . . . . . . . . . . . . . . . . . . . . . . . 1 . . . . . . . . 2 . . . . Weapon Failures 2 | . . . 1 . . . . . . . . . . . . . . . . . . . . . . . . . . . 1 . . . . . . . Overload Shots 1 | . . . . . . . . . . . . . . . 1 . . . . . . . . . . . . . . . . . . . . . . . Overflow Damage 5791 | . 5 3 323 221 . 590 45 201 . 72 470 106 1025 323 . . 10 816 . 96 50 . 95 104 353 . . . . 90 100 . 56 264 259 91 9 14 Projectiles 56 | . 5 3 . . . . . . . . . . . . . . . . . 13 . . . 12 . . . . . . . . . . . . 9 14 Explosions 350 | . . . 55 . . . 29 . . . . . . . . . . 104 . . 42 . . . 69 . . . . . . . . . . 51 . . Melee 5385 | . . . 268 221 . 590 16 201 . 72 470 106 1025 323 . . 10 712 . 83 8 . 95 92 284 . . . . 90 100 . 56 264 259 40 . . Knockbacks 46 | . 2 15 . 1 . 5 1 . . . 8 1 6 2 . . . 5 . . . . . . . . . . . . . . . . . . . . Impact 28 | . . . . 1 . 5 1 . . . 7 1 6 2 . . . 5 . . . . . . . . . . . . . . . . . . . . Kinetic 17 | . 2 15 . . . . . . . . . . . . . . . . . . . . . . . . . . . . . . . . . . . . Secondary 1 | . . . . . . . . . . . 1 . . . . . . . . . . . . . . . . . . . . . . . . . . . Self-Inflicted Damage 610 | . . 36 152 . . . 209 . . . . . . . . . . 19 . . 26 . . . 135 . . . . . . . . . . 33 . . Shots 15 | . . 3 3 . . . 4 . . . . . . . . . . 1 . . 1 . . . 2 . . . . . . . . . . 1 . . Rammed 1 | . . . . . . . . . . . . . . . . . . . . . . . . . . . . . . . . . . . . . 1 . Targets Rammed 1 | . . . . . . . . . . . . . . . . . . . . . . . . . . . . . . . . . . . . . 1 . Kicked . | . . . . . . . . . . . . . . . . . . . . . . . . . . . . . . . . . . . . . . . Crushed . | . . . . . . . . . . . . . . . . . . . . . . . . . . . . . . . . . . . . . . . Highest Temperature 516 | . 120 84 465 213 . . . 8 . . . . 50 261 46 5 54 . . 352 102 100 . . 361 . 156 204 316 297 329 . . 16 240 378 516 3 Average Temperature 99 | . 32 35 115 65 . . . 6 . . . . 27 124 24 5 54 . . 104 54 55 . . 72 . 71 116 173 121 140 . . 16 81 136 86 1 Received Heat Transfer 4891 | . 36 132 882 451 . 117 36 9 . 12 74 . 297 27 . . 66 168 . 162 36 . . 78 270 . . 16 9 60 57 . 83 225 216 387 985 . Effects 11 | . . . 5 . . . . . . . . . . . . . . . . . . . . . 1 . . . . . . . . . . 2 3 . Shutdowns 3 | . . . . . . . . . . . . . . . . . . . . . . . . . 1 . . . . . . . . . . . 2 . Energy Bleed 2 | . . . 2 . . . . . . . . . . . . . . . . . . . . . . . . . . . . . . . . . . . Interference 3 | . . . 2 . . . . . . . . . . . . . . . . . . . . . . . . . . . . . . . . 1 . . Short Circuit 2 | . . . . . . . . . . . . . . . . . . . . . . . . . . . . . . . . . . . . 1 1 . Damage (minor) 1 | . . . 1 . . . . . . . . . . . . . . . . . . . . . . . . . . . . . . . . . . . Siege Activations 3 | . . . . . . . . . . . . . . . . . . . . . . . . . . . . . . . . . . . . . 2 1 Total Turns 46 | . . . . . . . . . . . . . . . . . . . . . . . . . . . . . . . . . . . . . 16 30 Longest Duration 30 | . . . . . . . . . . . . . . . . . . . . . . . . . . . . . . . . . . . . . 12 30 Martial Activations . | . . . . . . . . . . . . . . . . . . . . . . . . . . . . . . . . . . . . . . . Shielding Activations . | . . . . . . . . . . . . . . . . . . . . . . . . . . . . . . . . . . . . . . . Robots Disrupted 37 | . . . . . . . . 1 . . . . 1 1 . . 4 1 . 3 2 1 . . 3 . . . . . 6 . 5 9 . . . . Combat Hostiles 34 | . . . . . . . . . . . . . 1 1 . . 3 . . 3 2 1 . . 3 . . . . . 6 . 5 9 . . . . Robots Corrupted 36 | . . . . 2 . 8 1 . . . 6 . 7 3 . . . 8 . . . . . . . . . . . . . . . . . . . 1 Combat Hostiles 8 | . . . . . . 1 1 . . . 2 . 2 . . . . 1 . . . . . . . . . . . . . . . . . . . 1 Parts Fried 57 | . . . . . . 10 . . . . 11 . 16 7 . . . 8 . . 1 . . . . . . . . . . . . . . . . 4 Impact Corruptions 118 | . . . . 4 . 18 1 15 . . 16 1 33 13 . . 1 16 . . . . . . . . . . . . . . . . . . . . Robots Melted 62 | . . . . . . . . . . . . . . 1 . . 2 2 . 7 2 3 . 2 7 . . . . . 10 . 13 13 . . . . Combat Hostiles 56 | . . . . . . . . . . . . . . 1 . . 2 1 . 6 2 3 . 2 7 . . . . . 9 . 10 13 . . . . Parts Melted 152 | . . 1 . . . . . . . . 1 . 5 2 . . 1 4 . 14 6 5 . 4 18 . . 2 1 8 40 . 23 17 . . . . Heat Transferred 58168 | . . 222 200 . . . . 450 . . . . 400 480 . 160 3040 2320 . 4960 1360 880 . 1600 6992 . 222 1757 222 1776 10117 . 9120 11520 . . 370 . Parts Sabotaged 1 | . . . . . . . . . . . . . . . . . . . . . . . . . . . . . . . . . . . 1 . . . Parts Stolen . | . . . . . . . . . . . . . . . . . . . . . . . . . . . . . . . . . . . . . . . Parts Stripped 8 | . . . . . . . . . . . . . . . . . . . . . . . . . . . . . . . . . . . 8 . . . Power Chain Reactions 2 | . . . . . . . . . . . . . . . . . . . . . . . . . . . . . . . . . 1 . . 1 . . Alert | -11 -10 -10 -8 -7 -7 -7 -7 -7 -7 -6 -6 -6 -6 -6 -6 -6 -6 -5 -5 -5 -5 -5 -5 -4 -4 -4 -4 -4 -3 -3 -3 -3 -2 -2 -2 -1 -1 -1 ------- Run | Yrd Mat Sub Mat Fac Was Fac Low Low Zio Pro Fac Was Fac Ext Cet Arc Hub Fac Was Fac Upp Upp Zhi Pro Fac Upp Upp War Pro Res Arm Lab Res Qua Sec Acc Com Ac0 Maximum Alert Level 5 | . . . 2 1 . . . . . . . . 3 3 2 1 3 2 1 3 . . . . 2 . . . . 1 4 . 2 2 2 4 5 . Low Security (%) 22 | 100 100 . 35 87 100 100 . . . . 100 100 5 . . . 31 8 91 2 . . . . 14 . . . . 64 6 . 18 7 . . . . Level 1 22 | . . . 25 12 . . . . . . . . 5 1 . 100 36 72 8 6 . . . . 21 . . . . 35 44 . 79 11 84 23 . . Level 2 20 | . . . 38 . . . . . . . . . 1 84 100 . 29 19 . 3 . . . . 63 . . . . . 22 . 1 81 15 11 . . Level 3 11 | . . . . . . . . . . . . . 88 13 . . 1 . . 87 . . . . . . . . . . 14 . . . . 22 2 . Level 4 2 | . . . . . . . . . . . . . . . . . . . . . . . . . . . . . . . 12 . . . . 43 1 . Level 5 19 | . . . . . . . . . . . . . . . . . . . . . . . . . . . . . . . . . . . . . 92 . High Security . | . . . . . . . . . . . . . . . . . . . . . . . . . . . . . . . . . . . . . 3 . Max Security . | . . . . . . . . . . . . . . . . . . . . . . . . . . . . . . . . . . . . . . . Peak Influence 2216 | 10 82 . 620 281 3 107 . . . . 103 29 996 1095 639 386 718 586 203 1027 . . . . 669 . . . . 276 1267 . 400 603 657 1582 2216 . Initial 1012 | . . . 5 276 2 . . . . . 56 18 . 467 612 209 103 277 203 58 . . . . . . . . . . 126 . . 192 321 388 1012 . Average 431 | 1 28 . 288 117 . 28 . . . . 54 7 775 540 587 328 343 322 135 873 . . . . 408 . . . . 117 555 . 258 442 333 962 1614 . Influence Increases 23467 | 10 270 140 1176 492 2 431 110 140 . 199 290 75 1751 1342 152 207 926 1061 80 1899 270 100 10 45 1516 . . 261 21 592 1800 . 978 1058 826 1684 3395 158 Destroy 0b10 Robot/C 9960 | . 160 140 580 220 . 60 80 . . 100 120 . 700 560 80 80 220 480 . 800 160 60 . 40 640 . . 200 20 240 860 . 420 620 380 700 1240 . Destroy 0b10 Robot/NC 920 | 10 5 . 115 80 . 50 5 5 . 5 35 . 75 35 5 15 45 55 . 30 10 . 10 5 50 . . 5 . 30 20 . 45 25 15 60 75 . Destroy Leader 1986 | . 20 . 170 74 . 32 10 . . 20 18 . 158 74 . . 86 116 . 168 40 10 . . 140 . . . . 80 198 . 98 76 84 106 208 . Allied During Kill 3550 | . . . . . . . . . . 59 52 . 423 593 52 95 288 49 . 364 . . . . 78 . . 56 1 48 64 . 20 . . 31 1277 . Trap Triggered on 0b10 130 | . . . . . . . . . . . . . . . . . . . . . . . . . 40 . . . . . 50 . 10 10 20 . . . Successful Hack 518 | . 24 . 18 89 . 97 . . . . 3 . 18 3 . . . 85 . 6 . . . . 45 . . . . . . . 62 18 . 44 6 . Select Force Hacks 210 | . 30 . 60 . . 20 . . . . . . . . . . . . . . . . . . . . . . . . . . 50 . . 50 . . Disable Machine 1305 | . 30 . 150 15 . 30 . . . . 15 . 45 15 15 15 105 75 . 60 . . . . 195 . . . . 45 120 . . 30 45 75 165 60 Anti-Garrison Action 200 | . . . . . . . . . . . . . 150 . . . . . . . . . . . . . . . . . . . . . . . 50 . Destroy Structure 1703 | . 1 . 68 14 2 7 . . . . 2 60 32 17 . 2 122 96 80 156 . . . . 178 . . . . 44 98 . 48 54 27 138 359 98 Partial Spotted 645 | . . . . . . 30 . . . . . 15 45 . . . 60 15 . 90 . . . . 45 . . . . 30 150 . 15 45 60 30 15 . Lose Combat Pursuer 2340 | . . . 15 . . 105 15 135 . 15 45 . 105 45 . . . 90 . 225 60 30 . . 105 . . . . 75 240 . 210 180 195 450 . . Influence Decreases 23434 | 10 204 194 580 1093 9 332 209 140 . 109 328 127 796 1202 723 435 655 1048 577 1017 784 309 252 45 873 532 111 221 61 352 782 1258 636 829 750 749 1090 4012 Entered New Map 10128 | . . 33 7 332 5 . 37 . . . 34 34 . 488 483 315 193 290 377 25 358 87 242 . . 238 22 . 40 . 114 1258 . 150 250 259 570 3887 Time Decay 9922 | 10 204 161 513 610 4 277 162 140 . 109 214 70 516 434 160 120 302 568 110 522 416 222 10 45 553 294 89 181 21 252 568 . 456 589 440 410 170 . Lost Part 749 | . . . 60 70 . . 10 . . . . . 20 . . . 20 50 . 20 10 . . . 70 . . . . . 20 . 50 90 60 30 60 109 Lost Ally 2219 | . . . . 10 . 10 . . . . 80 23 260 280 80 . 140 140 90 300 . . . . 100 . . 40 . 100 80 . 130 . . 50 290 16 Purge Threat 416 | . . . . 71 . 45 . . . . . . . . . . . . . 150 . . . . 150 . . . . . . . . . . . . . Squads Dispatched 166 | . 4 . 10 7 . 7 . . . . 4 . 22 3 . . 5 11 . 12 . . . . 18 . . . . 5 9 . 12 11 6 12 8 . Investigation 45 | . 3 . 5 1 . 5 . . . . 1 . 6 . . . . 4 . 5 . . . . 3 . . . . 1 1 . 4 2 . 4 . . Extermination 50 | . . . . 3 . 2 . . . . 1 . 4 . . . 2 5 . 3 . . . . 6 . . . . 2 4 . 4 6 3 4 1 . Reinforcement 44 | . 1 . 4 2 . . . . . . 2 . 7 1 . . 3 2 . 1 . . . . 5 . . . . 2 2 . 3 1 2 4 2 . Assault 21 | . . . 1 . . . . . . . . . 4 2 . . . . . 3 . . . . 1 . . . . . 2 . . 2 1 . 5 . Garrison 6 | . . . . 1 . . . . . . . . 1 . . . . . . . . . . . 3 . . . . . . . 1 . . . . . Intercept . | . . . . . . . . . . . . . . . . . . . . . . . . . . . . . . . . . . . . . . . Searches Triggered . | . . . . . . . . . . . . . . . . . . . . . . . . . . . . . . . . . . . . . . . Construction Impeded 4 | . . . . . . . . . . . . . 1 . . . . . . 1 . . . . . . . . . . . . . . . 2 . . Haulers Reinforced 14 | . . . . 1 . . . . . . 2 . 2 . . . . 2 . . . . . . 3 . . . . 2 . . . 1 . 1 . . Active Scanning Responses . | . . . . . . . . . . . . . . . . . . . . . . . . . . . . . . . . . . . . . . . Cargo Convoy Interrupts 1 | . . . . 1 . . . . . . . . . . . . . . . . . . . . . . . . . . . . . . . . . . Stealth | -11 -10 -10 -8 -7 -7 -7 -7 -7 -7 -6 -6 -6 -6 -6 -6 -6 -6 -5 -5 -5 -5 -5 -5 -4 -4 -4 -4 -4 -3 -3 -3 -3 -2 -2 -2 -1 -1 -1 --------- Run | Yrd Mat Sub Mat Fac Was Fac Low Low Zio Pro Fac Was Fac Ext Cet Arc Hub Fac Was Fac Upp Upp Zhi Pro Fac Upp Upp War Pro Res Arm Lab Res Qua Sec Acc Com Ac0 Distress Signals 44 | . 2 . 4 1 . 1 . . . . . . 4 2 1 . 1 . . 5 . . . . 4 . . 1 . . 2 . 1 1 . . 14 . Communications Jammed . | . . . . . . . . . . . . . . . . . . . . . . . . . . . . . . . . . . . . . . . Distress Signals . | . . . . . . . . . . . . . . . . . . . . . . . . . . . . . . . . . . . . . . . Times Spotted 861 | . 25 17 46 24 6 22 11 8 . 6 10 6 43 26 3 2 26 37 3 43 10 5 . 2 43 4 . 64 1 15 59 . 46 59 42 73 37 37 Peak Tracking Total 14 | . 4 6 6 3 6 6 4 6 . 3 2 3 7 7 3 1 6 6 3 8 4 2 . 2 6 4 . 14 1 5 8 . 9 10 10 13 6 13 Tactical Retreats 78 | . . . 1 . . 3 3 4 . 1 3 . 5 2 . . . 5 . 6 2 1 . . 3 . . . . 1 9 . 8 8 5 8 . . ECM-based Alert Blocks 7 | . . . . . . . 5 . . . . . . . . . . 2 . . . . . . . . . . . . . . . . . . . . Traps | -11 -10 -10 -8 -7 -7 -7 -7 -7 -7 -6 -6 -6 -6 -6 -6 -6 -6 -5 -5 -5 -5 -5 -5 -4 -4 -4 -4 -4 -3 -3 -3 -3 -2 -2 -2 -1 -1 -1 ------- Run | Yrd Mat Sub Mat Fac Was Fac Low Low Zio Pro Fac Was Fac Ext Cet Arc Hub Fac Was Fac Upp Upp Zhi Pro Fac Upp Upp War Pro Res Arm Lab Res Qua Sec Acc Com Ac0 Traps Triggered 24 | . . 1 2 2 . 1 . . . . 1 . 1 3 . . . 1 . 1 . . . . . . . . . . 2 . 4 3 . 2 . . Indirectly . | . . . . . . . . . . . . . . . . . . . . . . . . . . . . . . . . . . . . . . . Trap Hack Attempts . | . . . . . . . . . . . . . . . . . . . . . . . . . . . . . . . . . . . . . . . Triggered . | . . . . . . . . . . . . . . . . . . . . . . . . . . . . . . . . . . . . . . . Disarmed . | . . . . . . . . . . . . . . . . . . . . . . . . . . . . . . . . . . . . . . . Reprogrammed . | . . . . . . . . . . . . . . . . . . . . . . . . . . . . . . . . . . . . . . . Reused 28 | . . . . . . . 1 6 . . . . . . . . . . . . 7 1 . . 4 . . . . . 5 . 1 1 2 . . . Traps Extracted 2 | . . . . . . . . . . . . . . . . . . . . . 1 . . . . . 1 . . . . . . . . . . . Installed 33 | . . . . . . . 1 6 . . . . . . . . 3 1 . . 8 1 . . 4 . . . . . 5 . 1 1 2 . . . Triggered 28 | . . . . . . . 1 6 . . . . . . . . . . . . 7 1 . . 4 . . . . . 5 . 1 1 2 . . . Most Traps Carried 13 | . . . . . . . 1 7 7 8 8 8 8 8 8 8 8 5 4 4 9 8 7 13 13 9 12 12 12 12 12 7 7 5 4 2 . . Machines | -11 -10 -10 -8 -7 -7 -7 -7 -7 -7 -6 -6 -6 -6 -6 -6 -6 -6 -5 -5 -5 -5 -5 -5 -4 -4 -4 -4 -4 -3 -3 -3 -3 -2 -2 -2 -1 -1 -1 ---------- Run | Yrd Mat Sub Mat Fac Was Fac Low Low Zio Pro Fac Was Fac Ext Cet Arc Hub Fac Was Fac Upp Upp Zhi Pro Fac Upp Upp War Pro Res Arm Lab Res Qua Sec Acc Com Ac0 Machines Disabled 99 | . 2 6 10 1 . 2 . . . . 1 . 4 1 1 1 7 5 . 4 . . . 1 13 . . 1 . 3 8 1 . 2 3 5 13 4 Max in Single Turn 3 | . 1 3 2 1 . 1 . . . . . . 1 . 1 . . 2 . . . . . 1 2 . . 1 . 1 1 1 . 1 1 1 2 1 Garrison Access 13 | . . . 1 2 . 1 . . . . 1 . 2 . . . . 1 . 1 . . . . 1 . . . . 1 . . 1 . 1 . . . Phase Generator 1 | . . . . . . . . . . . . . . . . . . . . . . . . . . . . . . . . . . . . . 1 . Network Hub 2 | . . . . . . . . . . . . . . . . . 2 . . . . . . . . . . . . . . . . . . . . . Machines Repaired . | . . . . . . . . . . . . . . . . . . . . . . . . . . . . . . . . . . . . . . . Machines Dismantled 1 | . . . . . . . . . . . . . . . . . . . . . . . . . . . . 1 . . . . . . . . . . Machines Sabotaged . | . . . . . . . . . . . . . . . . . . . . . . . . . . . . . . . . . . . . . . . Overloaded Fab Kills 11 | . . . . . . . . . . . . . . . . . . . . . . . . . . . . . . . . . 9 . . 2 . . Hacking | -11 -10 -10 -8 -7 -7 -7 -7 -7 -7 -6 -6 -6 -6 -6 -6 -6 -6 -5 -5 -5 -5 -5 -5 -4 -4 -4 -4 -4 -3 -3 -3 -3 -2 -2 -2 -1 -1 -1 --------- Run | Yrd Mat Sub Mat Fac Was Fac Low Low Zio Pro Fac Was Fac Ext Cet Arc Hub Fac Was Fac Upp Upp Zhi Pro Fac Upp Upp War Pro Res Arm Lab Res Qua Sec Acc Com Ac0 Machines Accessed 134 | . 6 2 8 16 . 17 . . 1 1 4 . 13 1 . . . 12 . 7 1 1 4 . 9 1 . 2 . 2 4 . 5 4 4 8 1 . Terminals 37 | . 4 . 3 9 . 11 . . . 1 . . . . . . . . . . 1 1 . . . 1 . . . . 1 . . . 1 3 1 . Fabricators 31 | . . . . . . 4 . . . . 2 . 6 . . . . 5 . 4 . . . . 3 . . . . 1 2 . 1 . . 3 . . Repair Stations 11 | . 1 . . 1 . . . . . . . . 3 . . . . 1 . . . . . . 2 . . . . . 1 . 1 . 1 . . . Recycling Units 17 | . 1 . 2 2 . 1 . . . . 1 . 1 1 . . . 3 . 2 . . . . 2 . . . . . . . 1 . . . . . Scanalyzers 14 | . . . 2 1 . . . . . . . . 2 . . . . 1 . . . . . . 1 . . . . . . . 1 3 1 2 . . Garrison Access 15 | . . . 1 3 . 1 . . . . 1 . 1 . . . . 2 . 1 . . . . 1 . . . . 1 . . 1 1 1 . . . Total Hacks 378 | . 15 5 25 32 . 42 . . 5 1 13 . 33 2 . . . 48 . 24 1 1 16 . 32 1 . 5 . 3 19 . 12 13 6 22 2 . Successful 228 | . 6 5 15 16 . 23 . . 5 1 11 . 21 2 . . . 25 . 14 1 1 16 . 19 1 . 5 . 3 18 . 7 2 2 8 1 . Failed 148 | . 9 . 10 16 . 19 . . . . 2 . 12 . . . . 23 . 10 . . . . 13 . . . . . 1 . 5 10 4 13 1 . Catastrophic 30 | . 3 . 3 3 . 2 . . . . 1 . 2 . . . . 3 . 4 . . . . 3 . . . . . 1 . 2 2 1 . . . Database Lockouts 2 | . . . . . . . . . . . . . . . . . . . . . . . . . . . . . . . . . . 1 . 1 . . Manual 441 | . 10 . 13 14 . 30 . . . . 8 . 40 14 1 . 41 63 . 33 . . . . 48 . . . . 13 11 . 31 31 18 19 3 . Terminals 83 | . 11 . 10 17 . 32 . . . 1 . . . . . . . . . . 1 1 . . . 1 . . . . 1 . . . 2 4 2 . Fabricators 126 | . . . . . . 6 . . . . 10 . 16 . . . . 27 . 17 . . . . 20 . . . . 2 17 . 2 . . 9 . . Repair Stations 27 | . 3 . . 4 . . . . . . . . 6 . . . . 4 . . . . . . 6 . . . . . 1 . 2 . 1 . . . Recycling Units 38 | . 1 . 5 4 . 3 . . . . 2 . 2 2 . . . 12 . 3 . . . . 3 . . . . . . . 1 . . . . . Scanalyzers 48 | . . . 9 2 . . . . . . . . 8 . . . . 1 . . . . . . 2 . . . . . . . 5 10 2 9 . . Garrison Access 25 | . . . 1 5 . 1 . . . . 1 . 1 . . . . 4 . 4 . . . . 1 . . . . 1 . . 2 3 1 . . . Terminal Hacks 61 | . 3 5 2 6 . 9 . . 5 1 . . . . . . . . . . 1 1 16 . . 1 . 5 . . 1 . . . 1 3 1 . Record 12 | . . 4 . . . . . . . 1 . . . . . . . . . . 1 1 4 . . 1 . . . . . . . . . . . . Part Schematic 13 | . 1 . . 1 . 2 . . 5 . . . . . . . . . . . . . 4 . . . . . . . . . . . . . . . Robot Schematic 1 | . 1 . . . . . . . . . . . . . . . . . . . . . . . . . . . . . . . . . . . . . Robot Analysis 5 | . . . 1 . . . . . . . . . . . . . . . . . . . 4 . . . . . . . . . . . . . . . Prototype ID Bank 8 | . . . . . . . . . . . . . . . . . . . . . . . 4 . . . . 4 . . . . . . . . . . Open Door 6 | . . . . . . . . . . . . . . . . . . . . . . . . . . . . 1 . . 1 . . . 1 3 . . Branch Access Points 2 | . . . . 1 . 1 . . . . . . . . . . . . . . . . . . . . . . . . . . . . . . . . Terminal Index 2 | . . . . 1 . 1 . . . . . . . . . . . . . . . . . . . . . . . . . . . . . . . . Fabricator Index 1 | . . . . . . 1 . . . . . . . . . . . . . . . . . . . . . . . . . . . . . . . . Garrison Index 1 | . . . . . . 1 . . . . . . . . . . . . . . . . . . . . . . . . . . . . . . . . Alert Level 1 | . . . . 1 . . . . . . . . . . . . . . . . . . . . . . . . . . . . . . . . . . Unreport Threat 2 | . . . . 1 . 1 . . . . . . . . . . . . . . . . . . . . . . . . . . . . . . . . Locate Traps 3 | . 1 . 1 1 . . . . . . . . . . . . . . . . . . . . . . . . . . . . . . . . . . Reprogram Traps 1 | . . . . . . 1 . . . . . . . . . . . . . . . . . . . . . . . . . . . . . . . . Registered Prototypes 1 | . . . . . . 1 . . . . . . . . . . . . . . . . . . . . . . . . . . . . . . . . Proto ID Catalog 1 | . . 1 . . . . . . . . . . . . . . . . . . . . . . . . . . . . . . . . . . . . Disengage Seal 1 | . . . . . . . . . . . . . . . . . . . . . . . . . . . . . . . . . . . . . 1 . Fabricator Hacks 65 | . . . . . . 2 . . . . 7 . 7 . . . . 13 . 8 . . . . 9 . . . . 1 16 . . . . 2 . . Network Status 4 | . . . . . . . . . . . . . 1 . . . . 1 . 1 . . . . 1 . . . . . . . . . . . . . Load Schematic 36 | . . . . . . 2 . . . . 4 . 4 . . . . 7 . 5 . . . . 4 . . . . 1 8 . . . . 1 . . Build 25 | . . . . . . . . . . . 3 . 2 . . . . 5 . 2 . . . . 4 . . . . . 8 . . . . 1 . . Repair Station Hacks 7 | . 1 . . 2 . . . . . . . . 2 . . . . . . . . . . . 2 . . . . . . . . . . . . . Scan Component 4 | . . . . 1 . . . . . . . . 2 . . . . . . . . . . . 1 . . . . . . . . . . . . . Repair 2 | . . . . 1 . . . . . . . . . . . . . . . . . . . . 1 . . . . . . . . . . . . . Refit 1 | . 1 . . . . . . . . . . . . . . . . . . . . . . . . . . . . . . . . . . . . . Recycling Unit Hacks 8 | . . . . . . 1 . . . . . . . 1 . . . 3 . 1 . . . . 2 . . . . . . . . . . . . . Retrieve Components 8 | . . . . . . 1 . . . . . . . 1 . . . 3 . 1 . . . . 2 . . . . . . . . . . . . . Scanalyzer 25 | . . . 8 2 . . . . . . . . 6 . . . . 1 . . . . . . 1 . . . . . . . 4 1 . 2 . . Insert Component 11 | . . . 3 1 . . . . . . . . 3 . . . . . . . . . . . 1 . . . . . . . 2 . . 1 . . Analyze 7 | . . . 3 1 . . . . . . . . 2 . . . . . . . . . . . . . . . . . . . 1 . . . . . Retrieve Study 7 | . . . 2 . . . . . . . . . 1 . . . . 1 . . . . . . . . . . . . . . 1 1 . 1 . . Garrison Access Hacks 12 | . . . 1 2 . 1 . . . . 1 . 1 . . . . 1 . 1 . . . . 1 . . . . 1 . . 1 . 1 . . . Seal Access 12 | . . . 1 2 . 1 . . . . 1 . 1 . . . . 1 . 1 . . . . 1 . . . . 1 . . 1 . 1 . . . Unauthorized Hacks 50 | . 2 . 4 4 . 10 . . . . 3 . 5 1 . . . 7 . 4 . . . . 4 . . . . 1 1 . 2 1 . 1 . . Terminals 8 | . 1 . 2 1 . 4 . . . . . . . . . . . . . . . . . . . . . . . . . . . . . . . . Assimilate 4 | . . . . 1 . 3 . . . . . . . . . . . . . . . . . . . . . . . . . . . . . . . . Botnet 3 | . . . 2 . . 1 . . . . . . . . . . . . . . . . . . . . . . . . . . . . . . . . Operators 1 | . 1 . . . . . . . . . . . . . . . . . . . . . . . . . . . . . . . . . . . . . Fabricators 25 | . . . . . . 4 . . . . 1 . 4 . . . . 5 . 4 . . . . 4 . . . . 1 . . 1 . . 1 . . Prioritize 5 | . . . . . . . . . . . . . 1 . . . . 2 . 1 . . . . 1 . . . . . . . . . . . . . Liberate 1 | . . . . . . . . . . . . . . . . . . . . 1 . . . . . . . . . . . . . . . . . . Haulers 2 | . . . . . . . . . . . . . . . . . . 1 . . . . . . 1 . . . . . . . . . . . . . Overload 2 | . . . . . . . . . . . . . . . . . . . . . . . . . . . . . . . . . 1 . . 1 . . Download 1 | . . . . . . 1 . . . . . . . . . . . . . . . . . . . . . . . . . . . . . . . . Recompile 14 | . . . . . . 3 . . . . 1 . 3 . . . . 2 . 2 . . . . 2 . . . . 1 . . . . . . . . Repair Stations 2 | . . . . . . . . . . . . . 1 . . . . . . . . . . . . . . . . . 1 . . . . . . . Patch 2 | . . . . . . . . . . . . . 1 . . . . . . . . . . . . . . . . . 1 . . . . . . . Recycling Units 14 | . 1 . 2 3 . 2 . . . . 2 . . 1 . . . 2 . . . . . . . . . . . . . . 1 . . . . . Monitor 4 | . . . . 1 . 1 . . . . 1 . . . . . . 1 . . . . . . . . . . . . . . . . . . . . Recyclers 7 | . . . . 2 . 1 . . . . 1 . . 1 . . . 1 . . . . . . . . . . . . . . 1 . . . . . Tunnel 3 | . 1 . 2 . . . . . . . . . . . . . . . . . . . . . . . . . . . . . . . . . . . Scanalyzers 1 | . . . . . . . . . . . . . . . . . . . . . . . . . . . . . . . . . . 1 . . . . Researchers 1 | . . . . . . . . . . . . . . . . . . . . . . . . . . . . . . . . . . 1 . . . . Garrison Access . | . . . . . . . . . . . . . . . . . . . . . . . . . . . . . . . . . . . . . . . Data Cores Recovered 3 | . 1 . . . . . . . . . 1 . . . . . . . . . . . . . . . . . . . . . . . . 1 . . Used . | . . . . . . . . . . . . . . . . . . . . . . . . . . . . . . . . . . . . . . . Hacking Detections 84 | . 5 . 6 15 . 12 . . . . 2 . 10 . . . . 8 . 5 . . . . 5 . . . . . 2 . 3 2 2 7 . . Full Trace Events 11 | . 1 . 2 1 . 1 . . . . . . . . . . . 1 . . . . . . 1 . . . . . . . 1 . . 3 . . Feedback Events 1 | . . . . . . . . . . . . . . . . . . . . . . . . . . . . . . . . . 1 . . . . . Corruption 1 | . . . . . . . . . . . . . . . . . . . . . . . . . . . . . . . . . 1 . . . . . Feedback Blocked . | . . . . . . . . . . . . . . . . . . . . . . . . . . . . . . . . . . . . . . . Robot Schematics Acquired 24 | . 1 . . . . . . . 4 . . . . . . . . 3 . 4 . . . . . . . . . . . . 5 7 . . . . Robots Built . | . . . . . . . . . . . . . . . . . . . . . . . . . . . . . . . . . . . . . . . Authchips . | . . . . . . . . . . . . . . . . . . . . . . . . . . . . . . . . . . . . . . . Time . | . . . . . . . . . . . . . . . . . . . . . . . . . . . . . . . . . . . . . . . Total Robot Build Rating . | . . . . . . . . . . . . . . . . . . . . . . . . . . . . . . . . . . . . . . . Part Schematics Acquired 168 | . 1 . 3 2 . 3 . . 18 . . . 34 8 . . 42 28 . . . . 4 . 11 . . . . . . . 1 . 13 . . . Parts Built 31 | . . . . . . . . . . . 4 . 3 . . . . 5 . 3 . . . . 5 . . . . . 10 . . . . 1 . . Authchips 22 | . . . . . . . . . . . 3 . 2 . . . . 4 . 2 . . . . 3 . . . . . 8 . . . . . . . Time 1076 | . . . . . . . . . . . 141 . 45 . . . . 191 . 182 . . . . 105 . . . . . 344 . . . . 68 . . Total Part Build Rating 160 | . . . . . . . . . . . 20 . 13 . . . . 23 . 17 . . . . 23 . . . . . 56 . . . . 8 . . Part Studies Acquired 7 | . . . 2 . . . . . . . . . 1 . . . . 1 . . . . . . . . . . . . . . 1 1 . 1 . . Parts Repaired 2 | . . . . 1 . . . . . . . . . . . . . . . . . . . . 1 . . . . . . . . . . . . . Time 70 | . . . . 44 . . . . . . . . . . . . . . . . . . . . 26 . . . . . . . . . . . . . Parts Recycled . | . . . . . . . . . . . . . . . . . . . . . . . . . . . . . . . . . . . . . . . Recycled Matter . | . . . . . . . . . . . . . . . . . . . . . . . . . . . . . . . . . . . . . . . Retrieved Matter . | . . . . . . . . . . . . . . . . . . . . . . . . . . . . . . . . . . . . . . . Retrieved Components 24 | . . . . . . 9 . . . . . . . 2 . . . 6 . 1 . . . . 6 . . . . . . . . . . . . . Parts Scanalyzed 9 | . . . 3 1 . . . . . . . . 3 . . . . . . . . . . . . . . . . . . . 2 . . . . . Part Schematics Acquired 7 | . . . 3 1 . . . . . . . . 2 . . . . . . . . . . . . . . . . . . . 1 . . . . . Parts Damaged . | . . . . . . . . . . . . . . . . . . . . . . . . . . . . . . . . . . . . . . . Bothacking | -11 -10 -10 -8 -7 -7 -7 -7 -7 -7 -6 -6 -6 -6 -6 -6 -6 -6 -5 -5 -5 -5 -5 -5 -4 -4 -4 -4 -4 -3 -3 -3 -3 -2 -2 -2 -1 -1 -1 ------------ Run | Yrd Mat Sub Mat Fac Was Fac Low Low Zio Pro Fac Was Fac Ext Cet Arc Hub Fac Was Fac Upp Upp Zhi Pro Fac Upp Upp War Pro Res Arm Lab Res Qua Sec Acc Com Ac0 Used RIF Installer . | . . . . . . . . . . . . . . . . . . . . . . . . . . . . . . . . . . . . . . . Robots Hacked 17 | . . . . 1 . . . . . . . . 1 . . . . 1 . . . . 3 . . . . . . . . . 5 2 . . 4 . Non-combat 5 | . . . . 1 . . . . . . . . . . . . . 1 . . . . . . . . . . . . . . 2 1 . . . . Combat 12 | . . . . . . . . . . . . . 1 . . . . . . . . . 3 . . . . . . . . . 3 1 . . 4 . Robot Hacks Applied 18 | . . . . 1 . . . . . . . . 1 . . . . 1 . . . . 3 . . . . . . . . . 6 2 . . 4 . parse_system 15 | . . . . . . . . . . . . . 1 . . . . . . . . . 3 . . . . . . . . . 5 2 . . 4 . find_chute 2 | . . . . 1 . . . . . . . . . . . . . 1 . . . . . . . . . . . . . . . . . . . . check_alert 1 | . . . . . . . . . . . . . . . . . . . . . . . . . . . . . . . . . 1 . . . . . Relay Couplers Released . | . . . . . . . . . . . . . . . . . . . . . . . . . . . . . . . . . . . . . . . Fabnet Peak Effective % . | . . . . . . . . . . . . . . . . . . . . . . . . . . . . . . . . . . . . . . . Robots Rewired 22 | . . . . . . . . 3 . . . . . 10 . . . 1 . . . . . . 1 . . 5 . . . . 2 . . . . . Allies Hacked 7 | . . . . . . . . . . . . . . . . . . 2 . 2 . . . . . . . . . 1 1 . . . . . 1 . Hacks Repelled . | . . . . . . . . . . . . . . . . . . . . . . . . . . . . . . . . . . . . . . . Allies | -11 -10 -10 -8 -7 -7 -7 -7 -7 -7 -6 -6 -6 -6 -6 -6 -6 -6 -5 -5 -5 -5 -5 -5 -4 -4 -4 -4 -4 -3 -3 -3 -3 -2 -2 -2 -1 -1 -1 -------- Run | Yrd Mat Sub Mat Fac Was Fac Low Low Zio Pro Fac Was Fac Ext Cet Arc Hub Fac Was Fac Upp Upp Zhi Pro Fac Upp Upp War Pro Res Arm Lab Res Qua Sec Acc Com Ac0 Total Allies 169 | . . . . 1 . 3 . 3 4 . . 18 5 26 5 . . 12 19 10 . . . . 9 . . 5 . 7 4 . 11 . . 2 25 . Largest Group 20 | . . . . 1 . 2 1 2 6 6 5 19 14 20 10 9 8 6 19 13 . . . . 4 . . 5 3 5 2 . 3 . . 2 16 . Highest-Rated Group 1838 | . . . . 10 . 52 26 36 197 197 176 697 653 821 748 595 570 287 702 531 . . . . 335 . . 297 192 416 206 . 345 . . 100 1838 . Highest-Rated Ally 269 | . . . . 10 . 26 26 20 42 42 42 50 85 159 153 96 96 85 70 70 . . . . 96 . . 64 64 103 103 . 115 . . 50 269 . Zionite Dispatches 29 | . . . . . . . . . . . . . 2 2 . . 1 6 . 4 . . . . 3 . . . . 3 2 . 5 . . 1 . . Heavy 7 | . . . . . . . . . . . . . 1 1 . . . 1 . . . . . . . . . . . 2 2 . . . . . . . Light 9 | . . . . . . . . . . . . . 1 1 . . . 2 . 1 . . . . 2 . . . . 1 . . 1 . . . . . Recon 1 | . . . . . . . . . . . . . . . . . 1 . . . . . . . . . . . . . . . . . . . . . Fire 2 | . . . . . . . . . . . . . . . . . . . . 1 . . . . . . . . . . . . 1 . . . . . Demo 1 | . . . . . . . . . . . . . . . . . . . . . . . . . . . . . . . . . . . . 1 . . Explosive Resupply 1 | . . . . . . . . . . . . . . . . . . . . . . . . . 1 . . . . . . . . . . . . . Resource Resupply 1 | . . . . . . . . . . . . . . . . . . 1 . . . . . . . . . . . . . . . . . . . . Defense Resupply 1 | . . . . . . . . . . . . . . . . . . . . 1 . . . . . . . . . . . . . . . . . . Infowar Resupply 1 | . . . . . . . . . . . . . . . . . . . . . . . . . . . . . . . . . 1 . . . . . Hacking Resupply 2 | . . . . . . . . . . . . . . . . . . 1 . . . . . . . . . . . . . . 1 . . . . . Hover Resupply 3 | . . . . . . . . . . . . . . . . . . 1 . 1 . . . . . . . . . . . . 1 . . . . . Total Orders 84 | . . . . . . . . 1 . . . . 2 7 . 2 8 8 . 8 . . . . 8 . . 12 . . . . 6 1 1 2 16 2 STAY 23 | . . . . . . . . 1 . . . . . . . 1 3 3 . 2 . . . . 1 . . 4 . . . . 1 . . . 7 . FOLLOW 17 | . . . . . . . . . . . . . . . . 1 1 . . . . . . . 1 . . 8 . . . . . . . . 6 . AID 1 | . . . . . . . . . . . . . . . . . . 1 . . . . . . . . . . . . . . . . . . . . DROP 8 | . . . . . . . . . . . . . . . . . . 2 . 2 . . . . 1 . . . . . . . 3 . . . . . EXPLORE 8 | . . . . . . . . . . . . . . . . . 2 . . . . . . . 1 . . . . . . . . . . 1 2 2 RETURN 27 | . . . . . . . . . . . . . 2 7 . . 2 2 . 4 . . . . 4 . . . . . . . 2 1 1 1 1 . Ally Attacks 1355 | . . . . . . . . . . 34 26 112 160 168 29 36 52 81 87 114 . . . . 33 . . 17 . 31 37 . 17 . . 6 315 . Total Damage 58894 | . . . . . . . . . . 567 502 4668 3899 4704 692 989 2466 1645 4738 3736 . . . . 2214 . . 1046 . 1269 2511 . 346 . . 802 22100 . Kills 268 | . . . . . . . . . . 4 3 10 32 33 5 5 18 9 9 34 . . . . 7 . . 5 . 6 9 . 2 . . 6 71 . Allies Corrupted 18 | . . . . . . . . . . . . . . . . . 5 . . 2 . . . . . . . 1 . 2 4 . 1 . . . 3 . Allies Melted 2 | . . . . . . . . . . . . . . . . . . 1 . . . . . . . . . 1 . . . . . . . . . . Intel | -11 -10 -10 -8 -7 -7 -7 -7 -7 -7 -6 -6 -6 -6 -6 -6 -6 -6 -5 -5 -5 -5 -5 -5 -4 -4 -4 -4 -4 -3 -3 -3 -3 -2 -2 -2 -1 -1 -1 ------- Run | Yrd Mat Sub Mat Fac Was Fac Low Low Zio Pro Fac Was Fac Ext Cet Arc Hub Fac Was Fac Upp Upp Zhi Pro Fac Upp Upp War Pro Res Arm Lab Res Qua Sec Acc Com Ac0 Active Infowar (turns) 33885 | 25 234 3641 2205 1586 . 474 528 696 843 510 449 227 1370 1054 332 244 612 1531 235 1298 984 457 102 469 1412 641 977 774 401 501 1236 514 1005 1306 937 999 2616 460 Optics 4953 | . . . . . . . . . . . . . . . . . . . . . . . . . . . . . . . 174 . . . 704 999 2616 460 Sensors 26569 | . . 3641 8 1549 . 474 515 696 843 510 449 227 1370 1054 332 244 612 1531 235 1297 984 457 102 469 1264 641 977 774 399 501 1165 514 1005 1306 233 189 2 . IFF 148 | . . . . . . . . . . . . . . . . . . . . . . . . . 148 . . . . . . . . . . . . . Seismic 2493 | 25 234 . 2197 37 . . . . . . . . . . . . . . . . . . . . . . . . . . . . . . . . . . Cloaking 74 | . . . . . . . . . . . . . . . . . . . 1 14 . . . . . . . . 2 53 . . . . 4 . . . Jamming 5 | . . . . . . . . . . . . . . . . . . . . . . . . . . . . . . . . . 3 2 . . . . ECM 113 | . . . . . . . 13 . . . . . . . . . . 20 . . . . . . . . . . . . . . . 80 . . . . Robot Analysis Total 5 | . . . 1 . . . . . . . . . . . . . . . . . . . 4 . . . . . . . . . . . . . . . Derelict Logs Recovered 16 | . . 1 . . . . 1 3 2 1 . . . . . . . . . . 3 2 . 1 . 2 . . . . . . . . . . . . Drone Launches 42 | . . . . . . . . . . . . . 2 7 . . 6 2 . 4 . . . . 4 . . . . . . . 2 1 1 3 5 5 Drone Recoveries 32 | . . . . . . . . . . . . . 2 7 . . 2 2 . 4 . . . . 4 . . . . . . . 2 1 1 2 3 2 Zionite Intel Received 56 | . . . . . . . . . . . . . 6 1 . . 11 7 . 3 . . . . 7 . . . . 1 1 . 3 8 5 3 . . Main Access 1 | . . . . . . . . . . . . . . . . . . . . 1 . . . . . . . . . . . . . . . . . . Branch Access 2 | . . . . . . . . . . . . . . . . . . . . . . . . . 1 . . . . . . . 1 . . . . . Emergency Access 6 | . . . . . . . . . . . . . 1 . . . 1 . . . . . . . 1 . . . . . . . . 1 1 1 . . Guard Positions 2 | . . . . . . . . . . . . . . . . . . . . . . . . . . . . . . . . . . . 1 1 . . Component Stockpiles 4 | . . . . . . . . . . . . . . . . . 1 1 . . . . . . . . . . . . . . . 1 . 1 . . Prototype Stockpiles 4 | . . . . . . . . . . . . . 1 . . . 1 . . . . . . . 1 . . . . . . . . 1 . . . . Component Schematics 5 | . . . . . . . . . . . . . 2 . . . 1 2 . . . . . . . . . . . . . . . . . . . . Prototype Schematics 6 | . . . . . . . . . . . . . . 1 . . 3 . . . . . . . 1 . . . . . . . . . 1 . . . Unaware Schematics 5 | . . . . . . . . . . . . . . . . . . 1 . 1 . . . . . . . . . . . . 1 2 . . . . Unaware Analyses 8 | . . . . . . . . . . . . . 1 . . . 1 1 . 1 . . . . 2 . . . . . . . 1 1 . . . . Trap Installations 6 | . . . . . . . . . . . . . 1 . . . 1 1 . . . . . . . . . . . 1 1 . . . 1 . . . Active Terminals 4 | . . . . . . . . . . . . . . . . . 1 . . . . . . . 1 . . . . . . . . 1 1 . . . Active Garrisons 2 | . . . . . . . . . . . . . . . . . 1 . . . . . . . . . . . . . . . . 1 . . . . Depthwide Sectors/-1 1 | . . . . . . . . . . . . . . . . . . 1 . . . . . . . . . . . . . . . . . . . . Exploration | -11 -10 -10 -8 -7 -7 -7 -7 -7 -7 -6 -6 -6 -6 -6 -6 -6 -6 -5 -5 -5 -5 -5 -5 -4 -4 -4 -4 -4 -3 -3 -3 -3 -2 -2 -2 -1 -1 -1 ------------- Run | Yrd Mat Sub Mat Fac Was Fac Low Low Zio Pro Fac Was Fac Ext Cet Arc Hub Fac Was Fac Upp Upp Zhi Pro Fac Upp Upp War Pro Res Arm Lab Res Qua Sec Acc Com Ac0 Turns Passed 42897 | 73 734 4728 2313 1994 99 662 553 745 843 510 458 251 1467 1070 332 244 664 1707 235 1443 1002 472 102 556 1817 641 977 1392 430 620 1714 514 1144 1853 1091 999 5983 465 Spaces Moved 43803 | 45 512 2622 806 1670 221 1264 1089 1247 1192 941 468 345 2148 852 174 147 788 2238 346 1935 1609 968 206 772 2347 690 907 1193 854 968 1918 285 1504 1941 1210 1042 4081 258 Core 11 | 2 . . . . . . . . . . . . . . . . . . . . . . . . . . . . . . . . . . . . . 9 Treads 1401 | . . 21 . . . . . . . . . . . . . . . . . . . . . . . . . . . . . . . . . . 1380 . Legs 2374 | . . . . . . . . . . . . . . . . . . . . . . . . . . . . . . . . . . . . . 2125 249 Wheels 5190 | 43 512 2601 788 1246 . . . . . . . . . . . . . . . . . . . . . . . . . . . . . . . . . . Hover 34532 | . . . . 147 221 1264 1089 1247 1192 941 468 345 2148 852 174 147 788 2238 346 1935 1609 968 206 772 2347 690 907 1193 854 968 1918 285 1504 1941 1210 1042 576 . Flight 295 | . . . 18 277 . . . . . . . . . . . . . . . . . . . . . . . . . . . . . . . . . . Fastest Speed 16 | 50 80 110 95 26 36 34 34 34 34 34 22 34 40 40 95 40 31 36 27 27 36 36 36 36 30 86 86 30 34 16 29 29 16 35 39 40 32 50 Average Speed 59 | 78 101 151 200 84 36 34 34 34 34 34 33 45 45 40 95 48 40 42 40 38 36 36 36 36 33 86 86 49 35 31 30 29 33 38 46 46 116 96 Slowest Speed 760 | 80 110 250 215 205 36 36 34 34 34 34 88 86 105 101 95 95 95 116 48 90 36 36 36 36 86 86 86 86 36 34 31 31 37 42 126 151 760 102 Overloaded Moves 220 | . . . . . . . . . . . 11 . . . . . 63 . 8 12 . . . . . . . . . 32 . . 54 . . . 40 . Propulsion Burnouts . | . . . . . . . . . . . . . . . . . . . . . . . . . . . . . . . . . . . . . . . Robots Hopped 1 | . . . . 1 . . . . . . . . . . . . . . . . . . . . . . . . . . . . . . . . . . Potential Cave-ins . | . . . . . . . . . . . . . . . . . . . . . . . . . . . . . . . . . . . . . . . Cave-ins Triggered . | . . . . . . . . . . . . . . . . . . . . . . . . . . . . . . . . . . . . . . . Teleports 2 | . . . . . . . . . . . . . . . . . . . . . . . . . . . . . . . . . . . . . 1 1 Exploration Rate (%) 68 | 4 89 91 74 40 97 38 98 96 89 97 10 90 66 85 56 74 72 47 91 39 97 91 60 83 46 91 80 77 86 25 70 95 39 96 65 22 92 27 Regions Visited 38 Branch Regions 23 Pre-discovered Areas 14 | . 1 . 2 . . . . . 1 . . . . . . . . 5 . . . 1 3 . . 1 . . . . . . . . . . . . Known Exits Taken 28 | . . 1 . . . 1 1 1 1 1 . . 1 1 1 1 1 . . 1 1 1 1 1 1 1 1 1 1 1 1 1 1 1 1 1 . . Unknown Exits Taken 4 | 1 1 . 1 . . . . . . . . . . . . . . . . . . . . . . . . . . . . . . . . . 1 . Scrap Searched 37 | . . 12 . . . . 3 3 2 2 . . . . . . . . . . 2 3 . 3 . 2 1 . 4 . . . . . . . . . Spaces Dug 180 | . . 2 3 12 2 7 2 . . . 2 . 8 1 . . 5 6 . 10 . . . 2 27 . 2 . 2 10 22 . 11 18 8 12 6 . Terrain Destroyed 790 | . 1 104 72 12 2 7 31 . . . 2 . 23 1 . . 5 38 . 10 107 . . 2 70 . 6 2 4 10 23 . 11 18 11 82 93 43 Melee 143 | . . . 3 12 2 7 2 . . . 2 . 8 1 . . 5 6 . 10 . . . 2 7 . . . . 10 22 . 11 18 8 6 1 . Projectile 146 | . 1 2 13 . . . . . . . . . . . . . . . . . . . . . 37 . 6 2 4 . 1 . . . 3 26 22 29 AOE 487 | . . 102 56 . . . 29 . . . . . 15 . . . . 32 . . 107 . . . 26 . . . . . . . . . . 50 70 . Terrain Rammed . | . . . . . . . . . . . . . . . . . . . . . . . . . . . . . . . . . . . . . . . Walls Destroyed . | . . . . . . . . . . . . . . . . . . . . . . . . . . . . . . . . . . . . . . . Machines Disabled . | . . . . . . . . . . . . . . . . . . . . . . . . . . . . . . . . . . . . . . . Actions | -11 -10 -10 -8 -7 -7 -7 -7 -7 -7 -6 -6 -6 -6 -6 -6 -6 -6 -5 -5 -5 -5 -5 -5 -4 -4 -4 -4 -4 -3 -3 -3 -3 -2 -2 -2 -1 -1 -1 --------- Run | Yrd Mat Sub Mat Fac Was Fac Low Low Zio Pro Fac Was Fac Ext Cet Arc Hub Fac Was Fac Upp Upp Zhi Pro Fac Upp Upp War Pro Res Arm Lab Res Qua Sec Acc Com Ac0 Total 57480 | 73 682 3216 1302 2083 236 1414 1243 1525 1631 1094 715 425 2531 1553 328 310 1071 2868 439 2528 1991 1076 231 1009 3171 736 1095 1945 976 1195 2781 702 1971 2747 1573 1412 5199 403 Wait 9480 | 12 119 390 251 131 9 57 125 181 397 123 181 61 255 546 132 148 227 445 70 480 304 99 . 212 588 45 180 642 110 120 609 371 222 551 179 191 707 10 Move 43766 | 44 511 2621 805 1668 220 1263 1088 1246 1191 940 468 344 2147 851 173 146 787 2238 345 1934 1608 967 205 771 2346 689 906 1192 853 967 1917 284 1503 1940 1210 1041 4080 257 Hop 1 | . . . . 1 . . . . . . . . . . . . . . . . . . . . . . . . . . . . . . . . . . Pick Up 335 | 6 11 26 37 24 1 14 2 2 14 3 6 1 9 1 1 . 2 10 2 9 11 . 2 1 8 . . 5 1 4 16 10 12 13 8 4 50 9 Fast Attach 486 | 7 . . 15 27 . 5 1 4 4 1 10 2 12 7 6 4 4 32 7 8 3 . 8 3 24 . . 11 2 16 28 7 51 32 33 27 78 7 Attach 194 | . 2 5 11 12 2 3 1 1 1 . 3 1 6 5 . 1 6 11 2 8 2 . 1 . 11 . . 2 . 2 13 2 5 12 10 11 23 19 Detach 71 | . 2 . 3 4 . . . 2 . . . . 4 4 . 1 5 4 . 2 1 . . . 5 . . . . . 1 . . 4 8 8 7 6 Swap 505 | . 3 42 16 18 . 11 7 14 5 5 4 5 18 8 2 3 10 29 4 21 25 5 1 1 26 1 4 8 3 20 41 7 52 34 15 7 21 9 Drop 672 | 1 5 16 29 51 2 15 2 6 18 4 13 4 18 7 7 3 5 35 9 11 13 . 9 4 20 . . 16 3 20 35 13 60 37 26 21 124 10 Fire 945 | 3 29 105 86 62 . 6 9 28 . 1 . . 2 3 1 1 13 16 . 22 12 4 . 10 102 . 5 21 4 21 64 . 36 44 7 61 91 76 Melee 761 | . . 11 49 85 2 36 7 4 1 17 30 7 60 7 6 3 9 45 . 18 4 . 5 7 35 . . . . 25 46 8 28 77 75 41 13 . Ram . | . . . . . . . . . . . . . . . . . . . . . . . . . . . . . . . . . . . . . . . Kick . | . . . . . . . . . . . . . . . . . . . . . . . . . . . . . . . . . . . . . . . Crush 1 | . . . . . . . . . . . . . . . . . . . . . . . . . . . . . . . . . . . . . 1 . Escape Stasis 37 | . . . . . . 4 . . . . . . . 26 . . . . . . . . . . . . . . . . 4 . 1 2 . . . . Rewire 184 | . . . . . . . . 31 . . . . . 88 . . . 2 . 15 . . . . 2 1 . 39 . . 2 . . . . . 4 . Trap 33 | . . . . . . . 1 6 . . . . . . . . 3 1 . . 8 1 . . 4 . . . . . 5 . 1 1 2 . . . Miscellaneous 9 | . . . . . . . . . . . . . . . . . . . . . . . . . . . . 9 . . . . . . . . . . Route ------- -11/Scrapyard -10/Materials (discovered 4 exits: [*Mat x2] / [*Min] / *Sub) -10/Subcaves (discovered 4 exits: *Mat x2 / [*Rec] / [*Scr]) -8/Materials (discovered 3 exits: *Fac x3) -7/Factory (discovered 4 exits: *Fac / Sto / Low x2) -7/Waste -7/Factory (discovered 3 exits: *Sto / *Low x2) -7/Lower Caves -7/Lower Caves (discovered 2 exits: *Fac / *Zio) -7/Zion -6/Proximity Caves -6/Factory (discovered 3 exits: Fac / *Low / Ext) -6/Waste -6/Factory (discovered 3 exits: *Fac / *Low / *Ext) -6/Extension (discovered 2 exits: *Fac / *Cet) -6/Cetus -6/Archives (discovered 3 exits: *Fac / *Hub x2) -6/Hub_04(d) (discovered 4 exits: *Fac x4) -5/Factory (discovered 6 exits: *Fac x4 / *Upp x2) -5/Waste -5/Factory (discovered 5 exits: *Fac x4 / *Upp) -5/Upper Caves -5/Upper Caves (discovered 2 exits: *Fac / *Zhi) -5/Zhirov -4/Proximity Caves -4/Factory (discovered 2 exits: *Upp x2) -4/Upper Caves -4/Upper Caves (discovered 2 exits: *Res / *War) -4/Warlord -3/Proximity Caves -3/Research -3/Armory (discovered 2 exits: *Res / *Lab) -3/Lab -2/Research (discovered 3 exits: *Acc / *Qua x2) -2/Quarantine (discovered 3 exits: *Acc / *Sec / [*Frg]) -2/Section 7 -1/Access -1/Command (discovered 3 exits: [*Sur x2] / [*Ac0]) -1/Access_0 Near Former Tau Ceti IV History --------- Turn | Location | Event 9 | -11/Scrapyard | Discovered new exit (range 15) 74 | -11/Scrapyard | Entered Materials 75 | -10/Materials | Met a group of wandering Federalists 234 | -10/Materials | Discovered new exit (range 3) 331 | -10/Materials | Build established: Mutant 390 | -10/Materials | Discovered new exit (range 6) 544 | -10/Materials | Discovered new exit (range 11) 602 | -10/Materials | Discovered new exit (range 11) 808 | -10/Materials | Entered Subcaves 809 | -10/Subcaves | Continued accompanying wandering Federalists (4) 888 | -10/Subcaves | Identified exit to Materials 910 | -10/Subcaves | Visited 4L-MR0's lab 923 | -10/Subcaves | Found Power Bank 967 | -10/Subcaves | A swath of the cavern ceiling suddenly collapsed 1259 | -10/Subcaves | A swath of the cavern ceiling suddenly collapsed 2260 | -10/Subcaves | Shifting Twisted Machinery released Mak. Power Source 2269 | -10/Subcaves | Shifting Twisted Machinery released Enh. Flamer 2537 | -10/Subcaves | Discovered exit to Materials (range 7) 2618 | -10/Subcaves | Disturbed a concealed Subdweller 2795 | -10/Subcaves | Disturbed a concealed Subdweller 2799 | -10/Subcaves | Core integrity fell below 50% 3058 | -10/Subcaves | Ambushed by Subdweller buried in earth 3105 | -10/Subcaves | Shifting Twisted Machinery released Mak. Light Armor Plating 3106 | -10/Subcaves | Shifting Twisted Machinery released Sub. Laser 3312 | -10/Subcaves | Discovered new exit (range 15) 3596 | -10/Subcaves | Shifting Twisted Machinery released Sub. Monowheel 3630 | -10/Subcaves | Shifting Twisted Machinery released Sub. Machine Gun 4504 | -10/Subcaves | Visited Clippyterm 4509 | -10/Subcaves | Learned Factory emergency access door positions 5536 | -10/Subcaves | Entered Materials 5536 | -8/Materials | Evolved 4 slots: Propulsion x1, Utility x2, Weapon x1 5922 | -8/Materials | Build established: Scavenger-Tank 6246 | -8/Materials | Discovered new exit (range 15) 6389 | -8/Materials | Lost 6 parts (1p3n1u1w) 6779 | -8/Materials | Build established: Scavenger-Mutant 6813 | -8/Materials | Discovered new exit (range 15) 7345 | -8/Materials | Discovered new exit (range 13) 7483 | -8/Materials | Build established: Mutant 7536 | -8/Materials | First assault squad dispatched 7849 | -8/Materials | Entered Factory 7849 | -7/Factory | Evolved 2 slots: Propulsion x2 7970 | -7/Factory | Repaired Med. Reactive Plating 8044 | -7/Factory | Garrison activated, responded to threat 8181 | -7/Factory | Build established: Scavenger-Mutant 8316 | -7/Factory | Identified exit to Storage 8316 | -7/Factory | Identified exit to Lower Caves 8813 | -7/Factory | Discovered new exit (range 11) 9231 | -7/Factory | Build established: Mutant 9490 | -7/Factory | Cargo convoy interrupted 9758 | -7/Factory | Lost 3 parts (2n1u) 9843 | -7/Factory | Sucked down chute 9843 | -7/Factory | Entered Waste 9849 | -7/Waste | Spotted C-40 Crusher 9850 | -7/Waste | Spotted C-40 Crusher 9858 | -7/Waste | EMP discharged 9866 | -7/Waste | Spotted C-40 Crusher 9893 | -7/Waste | Spotted C-40 Crusher 9897 | -7/Waste | Spotted C-40 Crusher 9920 | -7/Waste | Spotted C-40 Crusher 9926 | -7/Waste | Discovered new exit (range 14) 9932 | -7/Waste | Identified exit to Factory 9942 | -7/Waste | Entered Factory 10604 | -7/Factory | Entered Lower Caves 10604 | -7/Lower Caves | Accompanied by 1 ally 10713 | -7/Lower Caves | Learned Factory trap positions 10817 | -7/Lower Caves | Encountered a Warlord checkpoint 10920 | -7/Lower Caves | Discovered new exit (range 5) 10923 | -7/Lower Caves | Identified exit to Lower Caves 10944 | -7/Lower Caves | Lost 3 allies 11157 | -7/Lower Caves | Entered another Lower Caves area 11186 | -7/Lower Caves | Learned Factory terminal intel 11208 | -7/Lower Caves | Discovered new exit (range 7) 11470 | -7/Lower Caves | Learned Factory stockpile data 11473 | -7/Lower Caves | Learned location of 1 exit from Factory 11562 | -7/Lower Caves | Discovered new exit (range 9) 11565 | -7/Lower Caves | Identified exit to Zion 11583 | -7/Lower Caves | Found DCF Scrap (14 items) 11902 | -7/Lower Caves | Entered Zion 11902 | -7/Zion | Accompanied by 2 allies 11926 | -7/Zion | Given the Hacking Drone Bay 11928 | -7/Zion | Found Prototype Device 11939 | -7/Zion | Discovered new exit (range 10) 11942 | -7/Zion | Identified Hacking Drone Bay 11945 | -7/Zion | Found CR-A16's Pointy Stick 11958 | -7/Zion | Given A8's code to call for help 11965 | -7/Zion | Learned Factory machine intel 12072 | -7/Zion | Learned 4 Factory zone layouts 12156 | -7/Zion | Build established: Trapper-Mutant 12170 | -7/Zion | Learned location of Armory (-3) 12183 | -7/Zion | Found Prototype Processor 12184 | -7/Zion | Found Prototype Processor 12186 | -7/Zion | Found Prototype Processor 12187 | -7/Zion | Found Prototype Processor 12216 | -7/Zion | Identified Exp. Terrain Scan Processor 12236 | -7/Zion | Identified Exp. Melee Analysis Suite (x2) 12241 | -7/Zion | Found Prototype Processor 12284 | -7/Zion | Identified Exp. Targeting Computer 12299 | -7/Zion | Identified Exp. Armor Integrity Analyzer 12338 | -7/Zion | Found Prototype Device 12338 | -7/Zion | Identified Mobile Refinery Mk. CCLXVII 12365 | -7/Zion | Found Prototype Device 12365 | -7/Zion | Identified Phasing AFG 12406 | -7/Zion | Met Imprinter 12435 | -7/Zion | Imprinted 12437 | -7/Zion | Declared Zion's savior 12565 | -7/Zion | Identified exit to Proximity Caves 12745 | -7/Zion | Entered Proximity Caves 12745 | -6/Proximity Caves | Accompanied by 6 allies 12747 | -6/Proximity Caves | Attracted the attention of an 0b10 checkpoint 13011 | -6/Proximity Caves | Spotted B-75 Beast 13068 | -6/Proximity Caves | Revealed the true nature of CR-A16's Pointy Stick 13068 | -6/Proximity Caves | Destroyed B-75 Beast 13172 | -6/Proximity Caves | Discovered new exit (range 6) 13175 | -6/Proximity Caves | Identified exit to Factory 13255 | -6/Proximity Caves | Entered Factory 13255 | -6/Factory | Accompanied by 5 allies 13255 | -6/Factory | Evolved 2 slots: Utility x2 13256 | -6/Factory | Identified exit to Lower Caves 13257 | -6/Factory | Identified exit to Extension 13258 | -6/Factory | Identified exit to Factory 13259 | -6/Factory | Loaded intel: 115 trap records 13261 | -6/Factory | Loaded intel: 280 machine locations 13262 | -6/Factory | Loaded intel: 27 terminal locations 13423 | -6/Factory | Fabricated Plasma Flamer (x1) 13471 | -6/Factory | Fabricated Plasma Flamer (x1) 13519 | -6/Factory | Fabricated Imp. Cryofiber Web (x2) 13690 | -6/Factory | Lost 3 allies 13713 | -6/Factory | Manually triggered Chute Trap 13713 | -6/Factory | Sucked down chute 13713 | -6/Factory | Entered Waste 13722 | -6/Waste | Spotted C-40 Crusher 13723 | -6/Waste | 1 allies followed down the chute 13723 | -6/Waste | Spotted C-40 Crusher 13736 | -6/Waste | Warlord forces began an assault 13741 | -6/Waste | Allies destroyed C-40 Crusher 13748 | -6/Waste | Allies destroyed C-40 Crusher 13751 | -6/Waste | Spotted C-40 Crusher 13753 | -6/Waste | Spotted C-40 Crusher 13755 | -6/Waste | Spotted C-40 Crusher 13767 | -6/Waste | Allies destroyed C-40 Crusher 13770 | -6/Waste | Allies destroyed C-40 Crusher 13775 | -6/Waste | Allies destroyed C-40 Crusher 13804 | -6/Waste | Spotted C-40 Crusher 13806 | -6/Waste | Lost 7 allies 13817 | -6/Waste | Allies destroyed C-40 Crusher 13869 | -6/Waste | Discovered new exit (range 14) 13909 | -6/Waste | Identified exit to Factory 13964 | -6/Waste | Entered Factory 13964 | -6/Factory | Accompanied by 11 allies 13980 | -6/Factory | Watched by a mysterious "MATRIX" hacker 13994 | -6/Factory | Zion Light squad teleported in 14100 | -6/Factory | Garrison activated, responded to threat 14147 | -6/Factory | Retrieved Zion intel report: Prototype Stockpiles 14151 | -6/Factory | Lost 3 allies 14299 | -6/Factory | Fabricated Powered Armor (x2) 14503 | -6/Factory | Discovered exit to Factory (range 8) 14577 | -6/Factory | Found Zio. Weapon Casing 14616 | -6/Factory | Discovered exit to Lower Caves (range 6) 14664 | -6/Factory | First assault squad dispatched 14678 | -6/Factory | Retrieved Zion intel report: Emergency Access 14707 | -6/Factory | Retrieved Zion intel report: Component Schematics 14749 | -6/Factory | Retrieved Zion intel report: Unaware Analyses 14798 | -6/Factory | Spotted B-75 Beast 14803 | -6/Factory | Destroyed B-75 Beast 14891 | -6/Factory | Fabricated Plasma Flamer (x1) 15099 | -6/Factory | Retrieved Zion intel report: Trap Installations 15199 | -6/Factory | Retrieved Zion intel report: Component Schematics 15200 | -6/Factory | Zion Heavy squad teleported in 15345 | -6/Factory | Terminal network hard line cut 15422 | -6/Factory | Discovered exit to Extension (range 15) 15431 | -6/Factory | Entered Extension 15446 | -6/Extension | Rescued a captive Derelict 15447 | -6/Extension | Rescued a captive Derelict 15457 | -6/Extension | Zion Heavy squad teleported in 15468 | -6/Extension | Rescued a captive Derelict 15470 | -6/Extension | Rescued a captive Derelict 15574 | -6/Extension | Rescued a captive Derelict 15574 | -6/Extension | Rescued a captive Derelict 15618 | -6/Extension | Rescued a captive Derelict 15619 | -6/Extension | Rescued a captive Derelict 15630 | -6/Extension | Retrieved Zion intel report: Prototype Schematics 15631 | -6/Extension | Zion Light squad teleported in 15701 | -6/Extension | Rescued A7 15911 | -6/Extension | Warlord forces began an assault 16067 | -6/Extension | Spotted B-75 Beast 16073 | -6/Extension | Lost 3 allies 16098 | -6/Extension | Allies destroyed B-75 Beast 16131 | -6/Extension | First assault squad dispatched 16211 | -6/Extension | Lost 4 allies 16313 | -6/Extension | Rescued a captive Derelict 16365 | -6/Extension | Rescued a captive Derelict 16433 | -6/Extension | Discovered exit to Factory (range 10) 16443 | -6/Extension | Discovered new exit (range 6) 16467 | -6/Extension | Identified exit to Cetus 16469 | -6/Extension | Build established: Commander-Mutant 16487 | -6/Extension | Disrupted transfer network 16501 | -6/Extension | Entered Cetus 16501 | -6/Cetus | Accompanied by 9 allies (A7) 16506 | -6/Cetus | Acquired a Cetus Manufacturing Module code from A7 16524 | -6/Cetus | Lost 10 allies 16564 | -6/Cetus | Spotted Cetus Guard 16564 | -6/Cetus | Spotted Cetus Guard 16564 | -6/Cetus | Allies destroyed Cetus Guard 16571 | -6/Cetus | Spotted Cetus Guard 16572 | -6/Cetus | Allies destroyed Cetus Guard 16575 | -6/Cetus | Allies destroyed Cetus Guard 16600 | -6/Cetus | Lost 4 allies 16619 | -6/Cetus | Started Cetus Manufacturing Module 16628 | -6/Cetus | Escorted A7 to Cetus Mainframe 16644 | -6/Cetus | Manufactured an Enhanced Grunt 16669 | -6/Cetus | Manufactured an Enhanced Grunt 16694 | -6/Cetus | Manufactured an Enhanced Grunt 16701 | -6/Cetus | Discovered new exit (range 15) 16714 | -6/Cetus | Identified exit to Archives 16719 | -6/Cetus | Manufactured an Enhanced Grunt 16744 | -6/Cetus | Manufactured an Enhanced Grunt 16810 | -6/Cetus | Murdered A7 16814 | -6/Cetus | Extracted ID and sensor layout for unrecognized location from A7's data core 16833 | -6/Cetus | Entered Archives 16833 | -6/Archives | Accompanied by 9 allies 16904 | -6/Archives | Discovered exit to Factory (range 15) 16918 | -6/Archives | Discovered new exit (range 16) 16927 | -6/Archives | Unable to access archive contents 17034 | -6/Archives | Discovered new exit (range 15) 17050 | -6/Archives | Identified exit to Hub_04(d) 17077 | -6/Archives | Entered Hub_04(d) 17077 | -6/Hub_04(d) | Accompanied by 8 allies 17161 | -6/Hub_04(d) | Retrieved Zion intel report: Active Terminals 17167 | -6/Hub_04(d) | Retrieved Zion intel report: Trap Installations 17168 | -6/Hub_04(d) | Zion Recon squad teleported in 17181 | -6/Hub_04(d) | Discovered exit to Factory (range 26) 17185 | -6/Hub_04(d) | Discovered exit to Factory (range 35) 17281 | -6/Hub_04(d) | Discovered exit to Factory (range 15) 17316 | -6/Hub_04(d) | Retrieved Zion intel report: Emergency Access 17320 | -6/Hub_04(d) | Retrieved Zion intel report: Component Stockpiles 17322 | -6/Hub_04(d) | Build established: Commander-Skirmisher 17456 | -6/Hub_04(d) | Retrieved Zion intel report: Active Garrisons 17471 | -6/Hub_04(d) | Retrieved Zion intel report: Component Schematics 17484 | -6/Hub_04(d) | Spotted B-75 Beast 17486 | -6/Hub_04(d) | Retrieved Zion intel report: Prototype Stockpiles 17497 | -6/Hub_04(d) | Destroyed B-75 Beast 17503 | -6/Hub_04(d) | Retrieved Zion intel report: Unaware Analyses 17505 | -6/Hub_04(d) | Retrieved Zion intel report: Prototype Schematics 17530 | -6/Hub_04(d) | Network Hub disabled 17554 | -6/Hub_04(d) | Retrieved Zion intel report: Prototype Schematics 17591 | -6/Hub_04(d) | Lost 4 allies 17597 | -6/Hub_04(d) | Discovered exit to Factory (range 15) 17638 | -6/Hub_04(d) | Retrieved Zion intel report: Prototype Schematics 17695 | -6/Hub_04(d) | Network Hub disabled 17721 | -6/Hub_04(d) | Spotted Lightning 17729 | -6/Hub_04(d) | Spotted Lightning 17731 | -6/Hub_04(d) | Spotted Lightning 17738 | -6/Hub_04(d) | Found Prototype Device 17741 | -6/Hub_04(d) | Entered Factory 17741 | -5/Factory | Evolved 2 slots: Propulsion x1, Utility x1 17744 | -5/Factory | Identified Exp. EM Shield 17835 | -5/Factory | Discovered new exit (range 8) 17838 | -5/Factory | Identified exit to Upper Caves 17854 | -5/Factory | Retrieved Zion intel report: Trap Installations 17855 | -5/Factory | Zion Hacking Resupply teleported in 17927 | -5/Factory | Build established: Mutant 18051 | -5/Factory | Zion Light squad teleported in 18114 | -5/Factory | Fabricated Plasma Flamer? 18175 | -5/Factory | Found Zio. Weapon Casing 18180 | -5/Factory | Found Zio. Weapon Casing 18193 | -5/Factory | Lost 3 allies 18268 | -5/Factory | Discovered exit to Upper Caves (range 10) 18269 | -5/Factory | Zion Heavy squad teleported in 18312 | -5/Factory | Spotted B-75 Beast 18323 | -5/Factory | Destroyed B-75 Beast 18493 | -5/Factory | Identified exit to Factory 18510 | -5/Factory | Retrieved Zion intel report: Component Stockpiles 18516 | -5/Factory | Retrieved Zion intel report: Unaware Analyses 18517 | -5/Factory | Zion Resource Resupply teleported in 18716 | -5/Factory | Fabricated Powered Armor (x2) 18754 | -5/Factory | Fabricated Cld. Aerolev Unit (x1) 18778 | -5/Factory | Retrieved Zion intel report: Depthwide Sectors/-4 18779 | -5/Factory | Zion Hover Resupply teleported in 18902 | -5/Factory | Retrieved Zion intel report: Component Schematics 19014 | -5/Factory | Retrieved Zion intel report: Component Schematics 19015 | -5/Factory | Zion Light squad teleported in 19105 | -5/Factory | Retrieved Zion intel report: Unaware Schematics 19246 | -5/Factory | Terminal network hard line cut 19366 | -5/Factory | Found Zio. Weapon Casing 19434 | -5/Factory | Fabricated Cld. Aerolev Unit (x1) 19448 | -5/Factory | Sucked down chute 19448 | -5/Factory | Entered Waste 19454 | -5/Waste | Spotted C-40 Crusher 19456 | -5/Waste | Spotted C-40 Crusher 19458 | -5/Waste | 2 allies followed down the chute 19464 | -5/Waste | Spotted C-40 Crusher 19473 | -5/Waste | 1 allies followed down the chute 19489 | -5/Waste | Warlord forces began an assault 19504 | -5/Waste | Spotted C-40 Crusher 19509 | -5/Waste | Allies destroyed C-40 Crusher 19517 | -5/Waste | Allies destroyed C-40 Crusher 19546 | -5/Waste | Lost 8 allies 19620 | -5/Waste | Discovered new exit (range 12) 19647 | -5/Waste | Identified exit to Factory 19683 | -5/Waste | Entered Factory 19683 | -5/Factory | Accompanied by 13 allies 19944 | -5/Factory | Retrieved Zion intel report: Main Access 19953 | -5/Factory | Retrieved Zion intel report: Unaware Analyses 19983 | -5/Factory | First assault squad dispatched 20020 | -5/Factory | Build established: Fabricator-Skirmisher 20317 | -5/Factory | Retrieved Zion intel report: Unaware Schematics 20318 | -5/Factory | Zion Light squad teleported in 20368 | -5/Factory | Zion Hover Resupply teleported in 20399 | -5/Factory | Lost 3 allies 20627 | -5/Factory | Zion Fire squad teleported in 20672 | -5/Factory | Zion Defense Resupply teleported in 20722 | -5/Factory | Build established: Fabricator-Mutant 20760 | -5/Factory | Spotted B-75 Beast 20761 | -5/Factory | Destroyed B-75 Beast 20804 | -5/Factory | Discovered exit to Upper Caves (range 15) 20847 | -5/Factory | Fabricated Adv. System Restoration Module? 20926 | -5/Factory | Terminal network hard line cut 21079 | -5/Factory | Fabricated Cld. Aerolev Unit (x1) 21126 | -5/Factory | Entered Upper Caves 21308 | -5/Upper Caves | Learned Factory terminal intel 21457 | -5/Upper Caves | Spotted B-75 Beast 21470 | -5/Upper Caves | Found DCF Scrap (11 items) 21684 | -5/Upper Caves | Learned 4 Factory zone layouts 21801 | -5/Upper Caves | Build established: Machinist-Skirmisher 21803 | -5/Upper Caves | Identified exit to Upper Caves 22128 | -5/Upper Caves | Entered another Upper Caves area 22137 | -5/Upper Caves | Discovered exit to Factory (range 15) 22203 | -5/Upper Caves | Encountered a Warlord checkpoint 22214 | -5/Upper Caves | Build established: Trapper-Mutant 22359 | -5/Upper Caves | Lost 3 allies 22496 | -5/Upper Caves | Attracted the attention of an 0b10 checkpoint 22539 | -5/Upper Caves | Discovered new exit (range 11) 22543 | -5/Upper Caves | Identified exit to Zhirov 22551 | -5/Upper Caves | Learned 8 Factory zone layouts 22600 | -5/Upper Caves | Entered Zhirov 22600 | -5/Zhirov | Discovered new exit (range 3) 22607 | -5/Zhirov | Met Zhirov 22615 | -5/Zhirov | Learned location of Testing (-3) 22615 | -5/Zhirov | Learned location of Quarantine (-2) 22615 | -5/Zhirov | Learned location of Command (-1) 22617 | -5/Zhirov | Zhirov requested help retrieving the SGEMP Prototype 22623 | -5/Zhirov | Found Alien Artifact 22623 | -5/Zhirov | Identified Integrated Dissipator 22623 | -5/Zhirov | Installed Integrated Dissipator, increased core heat dissipation (+20) 22685 | -5/Zhirov | Found Alien Artifact 22700 | -5/Zhirov | Identified exit to Proximity Caves 22702 | -5/Zhirov | Entered Proximity Caves 23149 | -4/Proximity Caves | Learned Research trap positions 23171 | -4/Proximity Caves | Discovered exit to Factory (range 10) 23258 | -4/Proximity Caves | Entered Factory 23258 | -4/Factory | Evolved 2 slots: Utility x1, Weapon x1 23260 | -4/Factory | Loaded intel: 26 terminal locations 23287 | -4/Factory | Retrieved Zion intel report: Active Terminals 23423 | -4/Factory | Retrieved Zion intel report: Prototype Schematics 23424 | -4/Factory | Zion Light squad teleported in 23561 | -4/Factory | Lost 4 allies 23921 | -4/Factory | Retrieved Zion intel report: Unaware Analyses 23948 | -4/Factory | Retrieved Zion intel report: Branch Access 23948 | -4/Factory | Identified exit to Upper Caves 23978 | -4/Factory | Retrieved Zion intel report: Prototype Stockpiles 23979 | -4/Factory | Zion Light squad teleported in 23985 | -4/Factory | Identified Transdimensional Reconstructor 24036 | -4/Factory | Found Zio. Weapon Casing 24082 | -4/Factory | Fabricated Plasma Flamer (x1) 24120 | -4/Factory | Fabricated Cld. Aerolev Unit (x1) 24182 | -4/Factory | Retrieved Zion intel report: Unaware Analyses 24209 | -4/Factory | Garrison activated, responded to threat 24279 | -4/Factory | Noticed a derelict Sapper rigging charges 24409 | -4/Factory | Build established: Trapper-Sprinter 24666 | -4/Factory | Targeted by mysterious "MATRIX" hacker 24689 | -4/Factory | Fabricated Plasma Flamer? 24758 | -4/Factory | First assault squad dispatched 24765 | -4/Factory | Repaired Cld. Aerolev Unit 24800 | -4/Factory | Retrieved Zion intel report: Emergency Access 24801 | -4/Factory | Zion Explosive Resupply teleported in 24814 | -4/Factory | Terminal network hard line cut 24847 | -4/Factory | Found Prototype Processor 24847 | -4/Factory | Identified Exp. Signal Interpreter 25022 | -4/Factory | Fabricated Powered Armor (x2) 25075 | -4/Factory | Entered Upper Caves 25323 | -4/Upper Caves | Build established: Trapper-Skirmisher 25628 | -4/Upper Caves | Learned Research trap positions 25705 | -4/Upper Caves | Discovered new exit (range 13) 25715 | -4/Upper Caves | Identified exit to Upper Caves 25716 | -4/Upper Caves | Entered another Upper Caves area 25821 | -4/Upper Caves | Discovered new exit (range 15) 26578 | -4/Upper Caves | Discovered new exit (range 4) 26583 | -4/Upper Caves | Identified exit to Warlord 26693 | -4/Upper Caves | Entered Warlord 27121 | -4/Warlord | Found Prototype Device 27121 | -4/Warlord | Identified Exp. Focal Shield 27124 | -4/Warlord | Found Prototype Processor 27124 | -4/Warlord | Identified Exp. Core Analyzer 27127 | -4/Warlord | Found Prototype Hackware 27129 | -4/Warlord | Identified System Mapper 27157 | -4/Warlord | Visited the Vortex Lab 27160 | -4/Warlord | Found Prototype Piercing Weapon 27160 | -4/Warlord | Identified Vortex Lance 27178 | -4/Warlord | Warlord's base attacked by MAIN.C 27213 | -4/Warlord | Found Vortex Lance 27435 | -4/Warlord | Lost 14 allies 27499 | -4/Warlord | Build established: Trapper-Sprinter 27527 | -4/Warlord | Spotted Executioner 27527 | -4/Warlord | Spotted B-90 Cyclops 27528 | -4/Warlord | Warlord forces counterattacked 27538 | -4/Warlord | Destroyed Executioner 27541 | -4/Warlord | Spotted B-86 Titan 27582 | -4/Warlord | Lost 9 allies 27597 | -4/Warlord | Spotted Striker 27602 | -4/Warlord | Allies destroyed Striker 27609 | -4/Warlord | Spotted Executioner 27650 | -4/Warlord | Lost 5 allies 27678 | -4/Warlord | Spotted Executioner 27678 | -4/Warlord | Spotted Executioner 27679 | -4/Warlord | Spotted Executioner 27723 | -4/Warlord | Lost 10 allies 27780 | -4/Warlord | Rebuked by Warlord 27853 | -4/Warlord | Warlord base infiltrated, sounded retreat 27854 | -4/Warlord | Enhanced Grunt warped into view 27854 | -4/Warlord | Enhanced Grunt warped into view 27854 | -4/Warlord | Enhanced Grunt warped into view 27854 | -4/Warlord | Enhanced Demolisher warped into view 27854 | -4/Warlord | Enhanced Demolisher warped into view 27854 | -4/Warlord | Enhanced Demolisher warped into view 27927 | -4/Warlord | Found Prototype Device 27927 | -4/Warlord | Identified Exp. Shock Absorption System 27998 | -4/Warlord | Spotted Striker 28009 | -4/Warlord | Spotted Striker 28044 | -4/Warlord | Discovered new exit (range 14) 28054 | -4/Warlord | Lost 11 allies 28075 | -4/Warlord | Identified exit to Proximity Caves 28085 | -4/Warlord | Entered Proximity Caves 28085 | -3/Proximity Caves | Accompanied by 3 allies 28114 | -3/Proximity Caves | Lost 3 allies 28331 | -3/Proximity Caves | Spotted B-86 Titan 28395 | -3/Proximity Caves | Attracted the attention of an 0b10 checkpoint 28436 | -3/Proximity Caves | Build established: Trapper-Skirmisher 28491 | -3/Proximity Caves | Discovered new exit (range 14) 28503 | -3/Proximity Caves | Identified exit to Research 28515 | -3/Proximity Caves | Entered Research 28515 | -3/Research | Accompanied by 2 allies 28515 | -3/Research | Evolved 2 slots: Power x1, Propulsion x1 28516 | -3/Research | Loaded intel: 85 trap records 28621 | -3/Research | Found Prototype Protection 28621 | -3/Research | Identified Centrium Heavy Armor Plating 28635 | -3/Research | Retrieved Zion intel report: Trap Installations 28636 | -3/Research | Zion Light squad teleported in 28638 | -3/Research | Spotted B-86 Titan 28639 | -3/Research | Destroyed B-86 Titan 28701 | -3/Research | Found Prototype Device 28702 | -3/Research | Identified Adv. Kinecellerator 28750 | -3/Research | Found Prototype Hackware 28750 | -3/Research | Identified Exp. Hacking Suite 28796 | -3/Research | Discovered new exit (range 15) 28840 | -3/Research | Found Zio. Weapon Casing 28845 | -3/Research | Identified exit to Armory 28870 | -3/Research | Zion Heavy squad teleported in 28967 | -3/Research | Found Zio. Weapon Casing 29064 | -3/Research | Zion Heavy squad teleported in 29135 | -3/Research | Entered Armory 29135 | -3/Armory | Accompanied by 2 allies 29180 | -3/Armory | Retrieved Zion intel report: Trap Installations 29181 | -3/Armory | Zion Heavy squad teleported in 29192 | -3/Armory | Found Prototype Device 29192 | -3/Armory | Identified Exp. Thermal Defense Suite 29195 | -3/Armory | Found Prototype Device 29195 | -3/Armory | Identified Adv. EM Shield 29201 | -3/Armory | Found Prototype Processor 29201 | -3/Armory | Identified Spectral Analyzer 29367 | -3/Armory | Found Zio. Weapon Casing 29557 | -3/Armory | Fabricated Cld. Aerolev Unit (x1) 29607 | -3/Armory | Fabricated Cld. Aerolev Unit (x1) 29629 | -3/Armory | Build established: Trapper-Sprinter 29644 | -3/Armory | Fabricated Adv. System Restoration Module? 29823 | -3/Armory | Fabricated F-cell Engine (x1) 29887 | -3/Armory | Fabricated Mni. Fusion Reactor (x1) 29918 | -3/Armory | Fabricated Plasma Flamer (x1) 29949 | -3/Armory | Fabricated Plasma Flamer (x1) 30106 | -3/Armory | Zion Heavy squad teleported in 30205 | -3/Armory | Fabricated Adv. System Restoration Module? 30436 | -3/Armory | Spotted B-86 Titan 30458 | -3/Armory | Terminal network hard line cut 30537 | -3/Armory | Destroyed 7 combat bots 30571 | -3/Armory | Discovered new exit (range 3) 30635 | -3/Armory | First assault squad dispatched 30697 | -3/Armory | Build established: Machinist-Sprinter 30731 | -3/Armory | Discovered new exit (range 3) 30731 | -3/Armory | Identified exit to Lab 30849 | -3/Armory | Entered Lab 30853 | -3/Lab | Discovered new exit (range 9) 30855 | -3/Lab | Identified exit to Research 30856 | -3/Lab | Hidden lab's door opened automatically 30856 | -3/Lab | Sensor layout match revealed 30857 | -3/Lab | Gained access to the hidden lab's interior 31015 | -3/Lab | Found Alien Artifact 31028 | -3/Lab | Found Alien Artifact 31028 | -3/Lab | Identified Integrated Mediator 31028 | -3/Lab | Installed Integrated Mediator, increased core attachment efficiency 31040 | -3/Lab | Found Transdimensional Reconstructor 31048 | -3/Lab | Found Alien Artifact 31057 | -3/Lab | Found Prototype Protection 31069 | -3/Lab | Found Prototype Energy Gun 31072 | -3/Lab | Found Prototype Energy Gun 31072 | -3/Lab | Identified Tachyon Dispersion Ray (x2) 31075 | -3/Lab | Identified Med. Regenerative Plating 31136 | -3/Lab | Build established: Trapper-Sprinter 31233 | -3/Lab | Found Prototype Special Weapon 31239 | -3/Lab | Unable to decrypt terminal 31342 | -3/Lab | Identified Gui. Remote Datajack 31345 | -3/Lab | Identified Core Regenerator 31345 | -3/Lab | Used Core Regenerator, restored core integrity (+196) 31351 | -3/Lab | Identified Core Reset Matrix 31351 | -3/Lab | Used Core Reset Matrix 31363 | -3/Lab | Entered Research 31363 | -2/Research | Evolved 2 slots: Utility x2 31385 | -2/Research | Spotted B-90 Cyclops 31391 | -2/Research | Destroyed B-90 Cyclops 31578 | -2/Research | Found Prototype Hackware 31578 | -2/Research | Identified Exp. Hacking Suite 31593 | -2/Research | Found Prototype Launcher 31594 | -2/Research | Identified Ragnarok Missile Launcher 31599 | -2/Research | Retrieved Zion intel report: Branch Access 31599 | -2/Research | Identified exit to Quarantine 31600 | -2/Research | Zion Hover Resupply teleported in 31673 | -2/Research | Found Prototype Device 31673 | -2/Research | Identified Exp. Transmission Jammer 31828 | -2/Research | Zion Light squad teleported in 31876 | -2/Research | Garrison activated, responded to threat 31917 | -2/Research | Spotted B-90 Cyclops 31920 | -2/Research | Destroyed B-90 Cyclops 31950 | -2/Research | Zion Infowar Resupply teleported in 31970 | -2/Research | P-80 Master assimilated allied DI-LI3(A) 32074 | -2/Research | Discovered new exit (range 15) 32078 | -2/Research | Retrieved Zion intel report: Unaware Analyses 32079 | -2/Research | Zion Fire squad teleported in 32109 | -2/Research | Spotted B-90 Cyclops 32111 | -2/Research | Destroyed B-90 Cyclops 32169 | -2/Research | Retrieved Zion intel report: Unaware Schematics 32170 | -2/Research | Zion Hacking Resupply teleported in 32299 | -2/Research | Build established: Pyromaniac-Skirmisher 32334 | -2/Research | Spotted B-90 Cyclops 32342 | -2/Research | Destroyed B-90 Cyclops 32507 | -2/Research | Entered Quarantine 32508 | -2/Quarantine | Detected hypermatrix surge 32508 | -2/Quarantine | Sensed 18 artifacts in vicinity 32666 | -2/Quarantine | Retrieved Zion intel report: Active Terminals 32685 | -2/Quarantine | Retrieved Zion intel report: Emergency Access 32801 | -2/Quarantine | Retrieved Zion intel report: Active Garrisons 32806 | -2/Quarantine | Retrieved Zion intel report: Unaware Schematics 32884 | -2/Quarantine | Lost 3 parts (1p1u1w) 32901 | -2/Quarantine | Retrieved Zion intel report: Unaware Schematics 32910 | -2/Quarantine | Discovered new exit (range 15) 32914 | -2/Quarantine | Retrieved Zion intel report: Unaware Analyses 32944 | -2/Quarantine | Central database locked down 32950 | -2/Quarantine | Retrieved Zion intel report: Component Stockpiles 33257 | -2/Quarantine | First assault squad dispatched 33289 | -2/Quarantine | Found Sigix Broadsword 33347 | -2/Quarantine | Retrieved Zion intel report: Prototype Stockpiles 33376 | -2/Quarantine | Identified exit to Access 33404 | -2/Quarantine | Found Core Stripper 33454 | -2/Quarantine | Found Subatomic Replicator 33611 | -2/Quarantine | Build established: Alien-Mutant 33663 | -2/Quarantine | Found Dimensional Node Initializer 33776 | -2/Quarantine | Terminal network hard line cut 33984 | -2/Quarantine | Found Prototype Launcher 33984 | -2/Quarantine | Identified Point Singularity Launcher 34007 | -2/Quarantine | Spotted Fortress 34048 | -2/Quarantine | Discovered new exit (range 5) 34048 | -2/Quarantine | Discovered new exit (range 6) 34050 | -2/Quarantine | Identified exit to Section 7 34360 | -2/Quarantine | Entered Section 7 34361 | -2/Section 7 | Detected hypermatrix surge 34361 | -2/Section 7 | Sensed 22 artifacts in vicinity 34431 | -2/Section 7 | Retrieved Zion intel report: Active Terminals 34438 | -2/Section 7 | Retrieved Zion intel report: Emergency Access 34446 | -2/Section 7 | Found Prototype Device 34446 | -2/Section 7 | Identified Exp. Actuator Array 34510 | -2/Section 7 | Retrieved Zion intel report: Guard Positions 34522 | -2/Section 7 | Found Prototype Processor 34522 | -2/Section 7 | Identified Exp. Signal Interpreter 34601 | -2/Section 7 | Found Integrity Redistributor 34637 | -2/Section 7 | Spotted S7 Guard 34693 | -2/Section 7 | Found Prototype Device 34693 | -2/Section 7 | Identified Thermal Barrier 34722 | -2/Section 7 | Destroyed S7 Guard 34734 | -2/Section 7 | Found Prototype Protection 34734 | -2/Section 7 | Identified Hvy. Regenerative Plating 34781 | -2/Section 7 | Spotted S7 Guard 34793 | -2/Section 7 | Found Core Membrane 34793 | -2/Section 7 | Installed Core Membrane, gained immunity to corruption 34848 | -2/Section 7 | Retrieved Zion intel report: Trap Installations 34897 | -2/Section 7 | Spotted Executioner 34897 | -2/Section 7 | Spotted Executioner 34913 | -2/Section 7 | Destroyed Executioner 34923 | -2/Section 7 | Destroyed Executioner 34928 | -2/Section 7 | Found Exp. Core Analyzer 34967 | -2/Section 7 | Spotted B-99 Colossus 34984 | -2/Section 7 | Found Core Expander 34984 | -2/Section 7 | Installed Core Expander, added new Utility slot 35009 | -2/Section 7 | Found LRC Energy Well 35009 | -2/Section 7 | Installed LRC Energy Well, increased energy storage capacity (+250) 35011 | -2/Section 7 | Found LRC Insulator 35011 | -2/Section 7 | Installed LRC Insulator, 1 resistance modified: EM +25% 35065 | -2/Section 7 | Destroyed B-99 Colossus 35070 | -2/Section 7 | Found Prototype Ballistic Gun 35070 | -2/Section 7 | Identified Multirail 35110 | -2/Section 7 | Spotted Striker 35111 | -2/Section 7 | Spotted Striker 35189 | -2/Section 7 | Found Sigix Sheargun 35191 | -2/Section 7 | Found Sigix Sheargun 35197 | -2/Section 7 | Found Sigix Sheargun 35200 | -2/Section 7 | Spotted Striker 35200 | -2/Section 7 | Spotted Striker 35222 | -2/Section 7 | Found Sigix Shearcannon 35360 | -2/Section 7 | First assault squad dispatched 35401 | -2/Section 7 | Discovered exit to Access (range 22) 35403 | -2/Section 7 | Retrieved Zion intel report: Prototype Schematics 35451 | -2/Section 7 | Entered Access 35451 | -1/Access | Evolved 2 slots: Power x1, Utility x1 35456 | -1/Access | Found Exp. Core Analyzer 35562 | -1/Access | Retrieved Zion intel report: Component Stockpiles 35594 | -1/Access | Retrieved Zion intel report: Guard Positions 35603 | -1/Access | Found Unknown Launcher 35603 | -1/Access | Identified Fusion Bomb Launcher 35638 | -1/Access | Fabricated Cld. Antigrav System? 35688 | -1/Access | Retrieved Zion intel report: Emergency Access 35693 | -1/Access | Zion Demo squad teleported in 35981 | -1/Access | Destroyed 8 combat bots 36075 | -1/Access | Central database locked down 36238 | -1/Access | Build established: Alien-Gunner 36260 | -1/Access | Destroyed 7 combat bots 36441 | -1/Access | Discovered new exit (range 7) 36449 | -1/Access | Identified exit to Command 36450 | -1/Access | Entered Command 36581 | -1/Command | Disengaged cave seal 36581 | -1/Command | Zionites emerged from the dark tunnel 36680 | -1/Command | Spotted B-99 Colossus 36681 | -1/Command | P-80 Master assimilated allied 09-CEX(z) 36700 | -1/Command | First assault squad dispatched 36708 | -1/Command | Found Zio. Weapon Casing 36724 | -1/Command | Allies destroyed B-99 Colossus 36809 | -1/Command | High security lockdown imminent 36823 | -1/Command | Spotted M Guard 36824 | -1/Command | Spotted M Guard 36824 | -1/Command | Spotted Combat Programmer 36824 | -1/Command | Spotted Combat Programmer 36840 | -1/Command | Allies destroyed Combat Programmer 36845 | -1/Command | Allies destroyed Combat Programmer 36879 | -1/Command | Allies destroyed M Guard 36889 | -1/Command | High security lockdown engaged 36889 | -1/Command | Allies destroyed M Guard 36889 | -1/Command | All MAIN.C guards destroyed 36897 | -1/Command | Found Prototype Reactor 36897 | -1/Command | Identified Zero-point Reactor 36900 | -1/Command | Found Zero-point Reactor 36916 | -1/Command | Found Prototype Device 36916 | -1/Command | Identified AEGIS Remote Shield 36923 | -1/Command | Found Zero-point Reactor 36925 | -1/Command | Found Hvy. Regenerative Plating 36969 | -1/Command | Used Subatomic Replicator to replicate Sigix Shearcannon 36993 | -1/Command | Met MAIN.C 37007 | -1/Command | 0b10 Conduit disabled 37024 | -1/Command | Allies destroyed MAIN.C Shell 37025 | -1/Command | MAIN.C activated Command garrisons 37051 | -1/Command | Allies destroyed MAIN.C 37064 | -1/Command | Found Prototype Protection 37064 | -1/Command | Identified Centrium Heavy Armor Plating 37075 | -1/Command | Found Prototype Reactor 37075 | -1/Command | Identified Singularity Reactor 37081 | -1/Command | Lost 3 parts (2u1w) 37087 | -1/Command | Discovered new exit (range 31) 37087 | -1/Command | Discovered new exit (range 94) 37087 | -1/Command | Extracted map data and part IDs from MAIN.C's data core 37092 | -1/Command | Found Exp. Targeting Computer 37100 | -1/Command | Found Zero-point Reactor 37197 | -1/Command | Found Corrupted Multirail 37615 | -1/Command | Build established: Scavenger-Gunner 38083 | -1/Command | Found Zio. Shade Armor 38085 | -1/Command | Found Zio. Shade Armor 39082 | -1/Command | Phase Generator disabled 39543 | -1/Command | Build established: Messiah-Tank 39749 | -1/Command | Found Multirail 39755 | -1/Command | Found Multirail 39959 | -1/Command | Found Exp. Target Analyzer 40208 | -1/Command | Found Zio. Weapon Casing 40210 | -1/Command | Found Zio. Weapon Casing 40240 | -1/Command | Found Zio. Shade Armor 40276 | -1/Command | Found Exp. Targeting Computer 40505 | -1/Command | Build established: Messiah-Mutant 40645 | -1/Command | Murdered Z-Experimental 40846 | -1/Command | Found Vortex Chain Reactor 40848 | -1/Command | Found Zero-point Reactor 41172 | -1/Command | Found Hpw. Disruptor Cannon 41422 | -1/Command | Build established: Messiah-Gunner 42420 | -1/Command | Warped through subspace to slip node 42420 | -1/Command | Discovered new exit (range 5) 42433 | -1/Command | Entered Access_0 42434 | -1/Access_0 | Sensed 4 artifacts in vicinity 42435 | -1/Access_0 | Met Architect 42447 | -1/Access_0 | Destroyed A8 42460 | -1/Access_0 | Architect warped through subspace 42510 | -1/Access_0 | Subspace Access Node disabled 42515 | -1/Access_0 | Architect warped through subspace 42553 | -1/Access_0 | Architect warped through subspace 42578 | -1/Access_0 | Subspace Access Node disabled 42579 | -1/Access_0 | Architect warped through subspace 42631 | -1/Access_0 | Architect warped through subspace 42664 | -1/Access_0 | Found Exp. Weapon Cycler 42680 | -1/Access_0 | Architect warped through subspace 42696 | -1/Access_0 | A6 warped into view 42704 | -1/Access_0 | Destroyed A6 42740 | -1/Access_0 | Architect warped through subspace 42751 | -1/Access_0 | Architect warped through subspace 42779 | -1/Access_0 | Core integrity fell below 50% 42802 | -1/Access_0 | Architect warped through subspace 42804 | -1/Access_0 | Destroyed 10 combat bots 42807 | -1/Access_0 | Subspace Access Node disabled 42819 | -1/Access_0 | Architect warped through subspace 42857 | -1/Access_0 | Used Integrity Redistributor, redistributed integrity to core (+211) 42859 | -1/Access_0 | Architect warped through subspace 42872 | -1/Access_0 | Subspace Access Node disabled 42891 | -1/Access_0 | Destroyed Architect 42892 | -1/Access_0 | Architect triggered a singularity event 42893 | -1/Access_0 | Released all parts (18) 42894 | -1/Access_0 | Found Hpw. Transdimensional Reconstructor 42894 | -1/Access_0 | Warped through subspace to slip node 42894 | -1/Access_0 | Discovered new exit (range 8) 42898 | *** | Escaped singularity! Last Messages --------------- 42893_ Released Exp. Targeting Computer. 42893_ Released Exp. Core Analyzer. 42893_ Released Lrg. Storage Unit. 42893_ Released Exp. Targeting Computer. 42893_ Released Imp. Armor Integrity Analyzer. 42893_ Released Zero-point Reactor. 42893_ Released Zio. Supercomposite Leg. 42893_ Released Exp. Biometal Leg. 42893_ Released Sigix Shearcannon. 42893_ Acquired 48 matter. 42894_ A0_COM: 9. 42894_ Acquired Hpw. Transdimensional Reconstructor. 42894_ Warped through subspace, drawn to slip node. 42894_ EXIT=FOUND 42895_ A0_COM: 8. 42896_ A0_COM: 7. 42897_ A0_COM: 6. 42898_ A0_COM: 5. Map ----- +----------------------------------------------------+ | | | | | | | | | | | | | | | | | | | | | | | | | | | | | | | | | ?????????????????????????????????????????????????? | | ?????????????????????????????????????????????????? | | ?????????????????????????????????????????????????? | | ?????????????????????????????????????????????????? | | ?????????????????????????????????????????????????? | | ?????????????????????????????????????????????????? | | ????????????????????????###??????????????????????? | | ???????????????????????## ##?????????????????????? | | ???????????????????????# #?????????????????????? | | ???????????????????????# @ #?????????????????????? | | ??????????????????????## #?????????????????????? | | ??????????????????????# #?????????????????????? | | ??????????????????????# ##?????????????????????? | | ??????????????????????## #?????????????????????? | | ??????????????????????# #?????????????????????? | | ??????????????????????# ##?????????????????????? | | ??????????????????????# < #?????????????????????? | | ??????????????????????# ##?????????????????????? | | ??????????????????????## #??????????????????????? | | ???????????????????????####??????????????????????? | | ?????????????????????????????????????????????????? | | ?????????????????????????????????????????????????? | | ?????????????????????????????????????????????????? | | ?????????????????????????????????????????????????? | | ?????????????????????????????????????????????????? | | ?????????????????????????????????????????????????? | | ?????????????????????????????????????????????????? | | ?????????????????????????????????????????????????? | | ?????????????????????????????????????????????????? | | ?????????????????????????????????????????????????? | | ?????????????????????????????????????????????????? | | ?????????????????????????????????????????????????? | | ?????????????????????????????????????????????????? | | ?????????????????????????????????????????????????? | +----------------------------------------------------+ Best States ------------- Heat Dissipation 200 Coolant Potential 220 Energy Generation 114 Energy Capacity 1350 Matter Stores 300 Matter Capacity 300 Sight Range 24 Robot Scan Range 18 Terrain Scan Density 1010 ECM Strength 2 Cloak Strength 3 Power Amplification 40 Additional Mass Support 9 Base Temperature (-) 200 Corruption Block 8 Armor Coverage 1425 Resistance: KI 30 Resistance: TH 50 Resistance: EX 30 Resistance: EM 100 Resistance: I 30 Resistance: S 30 Resistance: P 30 Propulsion Shielding 90 Weapon Shielding 100 Weapon Cycling 30 Evasion (%) 71 Targeting Accuracy 24 Melee Accuracy 6 Target Analysis 10 Core Analysis 12 Armor Integrity Analysis 40 Recoil Reduction 6 Particle Charging 30 Offensive Hacking 36 Defensive Hacking 12 Authchip Count 5 Trap Extractor Capacity 8 Item Schematics ----------------- Plasma Flamer | -2/Research | Scanalyzed Exp. Thermal Shield | -2/Section 7 | Archive Exp. Matter Compressor | -2/Section 7 | Archive Exp. Focal Shield | -2/Section 7 | Archive Cld. Antigrav System | -2/Section 7 | Archive Exp. Biometal Medium Treads | -2/Section 7 | Archive Hds. Centrium Heavy Treads | -2/Section 7 | Z-intel Prc. Matter Filter | -2/Section 7 | Z-intel Cld. Nuclear Pulse Thruster | -2/Section 7 | Z-intel Cld. Phase Cannon | -2/Section 7 | Z-intel Imp. Matter Neutralizer | -2/Section 7 | Z-intel Exp. Thermal Defense Suite | -2/Section 7 | Z-intel Enh. Biometal Leg | -2/Section 7 | Z-intel Com. Tesla Bomb Launcher | -2/Section 7 | Z-intel Robot Schematics ------------------ C-55 Analyst | -2/Research | Z-intel T-07 Excavator | -2/Research | Z-intel X-82 Rainmaker | -2/Research | Z-intel G-73 Enforcer | -2/Research | Z-intel A-02 Transporter | -2/Research | Z-intel C-57 Dissector | -2/Quarantine | Z-intel S-43 Plague | -2/Quarantine | Z-intel H-88 Terminator | -2/Quarantine | Z-intel K-01 Serf | -2/Quarantine | Z-intel B-74 Champion | -2/Quarantine | Z-intel Y-72 Warden | -2/Quarantine | Z-intel R-06 Scavenger | -2/Quarantine | Z-intel Fabricated ------------ Plasma Flamer | x1 | -6/Factory | Authchip Plasma Flamer | x1 | -6/Factory | Authchip Imp. Cryofiber Web | x2 | -6/Factory | Authchip Powered Armor | x2 | -6/Factory | Authchip Plasma Flamer | x1 | -6/Factory | Authchip Plasma Flamer | x1 | -5/Factory | Authchip Powered Armor | x2 | -5/Factory | Authchip Cld. Aerolev Unit | x1 | -5/Factory | Authchip Cld. Aerolev Unit | x1 | -5/Factory Adv. System Restoration Module | x2 | -5/Factory | Authchip Cld. Aerolev Unit | x1 | -5/Factory | Authchip Plasma Flamer | x1 | -4/Factory | Authchip Cld. Aerolev Unit | x1 | -4/Factory | Authchip Plasma Flamer | x1 | -4/Factory | Authchip Powered Armor | x2 | -4/Factory Cld. Aerolev Unit | x1 | -3/Armory | Authchip Cld. Aerolev Unit | x1 | -3/Armory | Authchip Adv. System Restoration Module | x2 | -3/Armory | Authchip F-cell Engine | x1 | -3/Armory | Authchip Mni. Fusion Reactor | x1 | -3/Armory | Authchip Plasma Flamer | x1 | -3/Armory | Authchip Plasma Flamer | x1 | -3/Armory | Authchip Adv. System Restoration Module | x2 | -3/Armory | Authchip Cld. Antigrav System | x1 | -1/Access Repaired ---------- Med. Reactive Plating | 25% | -7/Factory Cld. Aerolev Unit | 13% | -4/Factory Studied --------- Cmb. Linear Gravjet | -2/Research | Hacked Antigrav Array | -2/Quarantine | Hacked Mic. Antimatter Reactor | -1/Access | Hacked Alien Tech Used ----------------- Integrated Dissipator Integrated Mediator Core Regenerator Core Reset Matrix Sigix Broadsword Core Stripper Core Membrane Core Expander LRC Energy Well LRC Insulator Sigix Shearcannon Sigix Sheargun Subatomic Replicator Transdimensional Reconstructor Integrity Redistributor High-powered Transdimensional Reconstructor Achievements -------------- None Challenges ------------ None Game ------ Seed VortexTargetingBox Manual? 1 Play Time 09:17:36 Cumulative 1139.7 hours Start 2026.09.23 @ 16:04:45 End 2026.09.24 @ 18:46:18 Sessions 7 Manual Loads 0 Difficulty Rogue Special Mode None Game No. 307 Rogue 307 Adventurer 0 Explorer 0 Win Type 6 Total 51 Types 15/11/12/2/2/0/5/1/1/2 Lore% 97 Gallery% 92 Achievement% 88 Wizard Run 0 Options --------- Layout 1 ASCII 0 Keyboard 0 Movement Mouse Keybinds 0 Fullscreen 2 Font 32/SmallcapsGlow Map View 50x35 Zoom Use 0% Tactical HUD 1 Map Filters NONE Filters LOW_CONTRAST(47,30,31) Steam 1 RUN: e4bb645a-993c-4897-a18a-8696fbd4c829